Cogmind - Beta 10.2 @@@ ROGUE MODE // 2021.08.03 @ 01:44:33 // Halloween2020/ForbiddenLore Player: Valguris Result: Escaped singularity! Performance ------------- Evolutions (9) 4500 Regions Visited (45) 9000 Robots Destroyed (915) 4575 Value Destroyed (50654) 50654 Prototype IDs (151) 3020 Alien Tech Used (14) 2800 Bonus (68412) 68412 TOTAL SCORE: 142961 Bonus ------- Triggered High Security 1000 High Alert Combat Kills 15628 Follower Combat Kills 4270 Entered Garrisons 200 Used RIF Installer 500 Network Hubs Disabled 800 Aligned with FarCom 300 Met Imprinter 300 Triggered Deep Caves Wall 500 Exposed GOLEM Chamber 500 Met Zhirov 300 Met Warlord at Base 500 MAIN.C Attacked Warlord 500 Warlord Defense Kill 2256 Built Enhanced Grunts 300 A7 Reached Mainframe 300 Hacked Protovariant 500 Met R17 at Research 2000 Met Warlord at Research 2000 Met Sigix 2000 Destroyed MAIN.C Guards 500 Met MAIN.C 5000 Hacked MAIN.C 300 Destroyed MAIN.C Shell 5000 Destroyed MAIN.C 10000 Met Architect 300 Destroyed A8 300 Destroyed A6 400 Destroyed Architect 15000 Win 3000 Friendly Fire -6042 Cogmind --------- Core Integrity 130/1600 Matter 70/300 Energy 349/350 System Corruption 0% Temperature Cool (0) Movement Core (50) Location Near Former Tau Ceti IV Parts ------- > --- POWER (3) -------- (None) > --- PROPULSION (3) --- (None) > --- UTILITY (18) ----- (None) > --- WEAPON (2) ------- (None) > --- INVENTORY (6) ---- Vortex Chain Reactor Armored Huge Wheel Peak State ------------ > --- POWER ------------ Zero-point Reactor Vortex Chain Reactor > --- PROPULSION ------- Armored Huge Wheel Centrium Wheel > --- UTILITY ---------- Experimental Cooling System High-capacity Storage Unit High-capacity Storage Unit High-capacity Storage Unit High-capacity Storage Unit Dimensional Manipulator Experimental Targeting Computer Experimental Core Analyzer Experimental Armor Integrity Analyzer Quantum Capacitor Damper Plating Vortex Field Projector > --- WEAPON ----------- EMDS > --- INVENTORY -------- Zero-point Reactor Zero-point Reactor Vortex Chain Reactor Vortex Chain Reactor Centrium Wheel Centrium Wheel Experimental Cooling System Zionite Biocell Long-range Terrain Scanner Surveybot 24 Chip Experimental Targeting Computer Advanced Kinecellerator Advanced Overload Amplifier Experimental Utility Shielding Zionite Weapon Casing AEGIS Remote Shield Long-range Tractor Beam Transdimensional Reconstructor High-powered Transdimensional Reconstructor Core Regenerator Integrity Redistributor Integrity Redistributor Terrabomb EMDS Potential Cannon Cooled Nova Cannon 8R-AWN's Boregun 8R-AWN's Boregun Omega Cannon Sigix Terminator Core Stripper [Rating: 219] Favorites ----------- Power Antimatter Reactor Engine Light Deuterium Engine Power Core Enhanced Nuclear Core Reactor Antimatter Reactor Propulsion Armored Huge Wheel Treads Heavy Treads Leg Assembled Alloy Leg Wheel Armored Huge Wheel Utility High-capacity Storage Unit Device Experimental Sensor Array Storage High-capacity Storage Unit Processor Experimental Targeting Computer Hackware Experimental Hacking Suite Protection Damper Plating Weapon EMDS Energy Gun EM Shotgun Energy Cannon EMDS Ballistic Gun 8R-AWN's Boregun Ballistic Cannon Improved Light Cannon Launcher Rocket Launcher Special Weapon Remote Datajack Impact Weapon Core Stripper Slashing Weapon Scythe Special Melee Weapon Datajack Build | -11 -10 -10 -9 -9 -9 -8 -8 -7 -7 -7 -7 -7 -7 -7 -6 -6 -6 -6 -6 -6 -6 -6 -5 -5 -5 -5 -5 -5 -4 -4 -4 -4 -4 -4 -4 -3 -3 -3 -3 -2 -2 -2 -1 -1 -1 ------- Run | Scr Mat Min Mat Min Exi Min Mat Fac Was Fac Low Low Zio Dee Pro Fac Was Fac Ext Cet Arc Hub Fac Was Fac Upp Upp War Pro Fac Was Fac Upp Upp Zhi Pro Res Tes Gar Res Qua Sec Acc Com Ac0 Slots Evolved 18 | . . . 2 . . . 2 2 . . . . . . . 2 . . . . . . 2 . . . . . . 2 . . . . . . 2 . . 2 . . 2 . . Power 2 | . . . . . . . . 1 . . . . . . . . . . . . . . . . . . . . . . . . . . . . . . . . . . 1 . . Propulsion 1 | . . . . . . . . . . . . . . . . . . . . . . . . . . . . . . . . . . . . . 1 . . . . . . . . Utility 15 | . . . 2 . . . 2 1 . . . . . . . 2 . . . . . . 2 . . . . . . 2 . . . . . . 1 . . 2 . . 1 . . Weapon . | . . . . . . . . . . . . . . . . . . . . . . . . . . . . . . . . . . . . . . . . . . . . . . Parts Attached 993 | 6 4 2 46 . 16 10 31 12 17 15 5 6 29 22 19 53 7 59 20 6 5 62 27 6 10 5 7 24 20 13 10 46 9 6 12 3 12 40 9 34 45 74 29 62 38 Power 33 | 1 . . 3 . 1 . 1 1 2 . . . . 3 1 3 . . 1 . . 3 . 1 . . . 1 . . . 2 . . 2 . . . . . 1 3 1 1 1 Engine 7 | 1 . . 3 . 1 . 1 . . . . . . . . 1 . . . . . . . . . . . . . . . . . . . . . . . . . . . . . Core 2 | . . . . . . . . 1 . . . . . . . 1 . . . . . . . . . . . . . . . . . . . . . . . . . . . . . Reactor 24 | . . . . . . . . . 2 . . . . 3 1 1 . . 1 . . 3 . 1 . . . 1 . . . 2 . . 2 . . . . . 1 3 1 1 1 Propulsion 35 | 2 . . 9 . 1 . 3 1 2 . . . . . 2 3 . 1 . . . . 1 . 1 . . . . . 1 . . . . . 1 . . . 3 1 . 1 2 Treads 20 | 2 . . 9 . 1 . 3 1 2 . . . . . 2 . . . . . . . . . . . . . . . . . . . . . . . . . . . . . . Leg . | . . . . . . . . . . . . . . . . . . . . . . . . . . . . . . . . . . . . . . . . . . . . . . Wheel 15 | . . . . . . . . . . . . . . . . 3 . 1 . . . . 1 . 1 . . . . . 1 . . . . . 1 . . . 3 1 . 1 2 Hover . | . . . . . . . . . . . . . . . . . . . . . . . . . . . . . . . . . . . . . . . . . . . . . . Flight . | . . . . . . . . . . . . . . . . . . . . . . . . . . . . . . . . . . . . . . . . . . . . . . Utility 438 | 1 2 1 19 . 7 5 9 6 6 8 1 1 10 14 8 18 3 28 15 4 2 39 12 3 3 . . 6 12 2 4 20 5 . 6 . 7 20 5 19 19 32 9 29 18 Device 330 | . . . 5 . 2 1 6 6 . 8 1 1 8 5 7 12 1 28 14 3 1 37 9 1 3 . . 6 12 2 2 16 5 . 4 . 7 19 3 13 15 28 8 16 15 Storage 22 | 1 1 . 4 . 2 1 1 . . . . . . 1 . 1 . . . 1 . . . . . . . . . . . . . . 1 . . 1 . 3 1 . . 3 . Processor 17 | . . . 2 . . . 1 . 1 . . . . . 1 2 . . . . . 1 3 . . . . . . . 1 1 . . . . . . . . . . . 2 2 Hackware 8 | . . . . . . . . . . . . . . . . 1 . . . . . . . . . . . . . . . 2 . . . . . . 1 1 . 2 . 1 . Protection 61 | . 1 1 8 . 3 3 1 . 5 . . . 2 8 . 2 2 . 1 . 1 1 . 2 . . . . . . 1 1 . . 1 . . . 1 2 3 2 1 7 1 Artifact . | . . . . . . . . . . . . . . . . . . . . . . . . . . . . . . . . . . . . . . . . . . . . . . Weapon 487 | 2 2 1 15 . 7 5 18 4 7 7 4 5 19 5 8 29 4 30 4 2 3 20 14 2 6 5 7 17 8 11 5 24 4 6 4 3 4 20 4 15 22 38 19 31 17 Energy Gun 19 | 1 . 1 6 . . . 4 . . . . . 2 . . . . . . . . . . . . . . 2 . . . . . . . . . 2 . . . . . 1 . Energy Cannon 347 | . 1 . . . 5 2 6 2 2 4 1 2 10 3 5 22 2 28 2 1 1 12 7 1 6 4 7 9 6 10 3 24 4 6 4 2 4 17 3 11 16 34 17 25 16 Ballistic Gun 38 | 1 1 . 1 . . . . 1 2 . . 2 6 . . 1 1 . 1 . 1 8 3 1 . . . 2 . . 2 . . . . . . . . . 2 . . 2 . Ballistic Cannon 18 | . . . 6 . . 2 6 . 2 . . . . . . 1 . . . . . . . . . . . . . . . . . . . . . 1 . . . . . . . Launcher 35 | . . . . . 1 1 2 . . 1 2 . . 2 2 1 . 2 1 1 . . 3 . . 1 . 4 2 . . . . . . 1 . . 1 3 1 . 1 1 1 Special Weapon 14 | . . . 1 . . . . . . . . . 1 . . 1 . . . . . . 1 . . . . . . 1 . . . . . . . . . 1 1 4 1 2 . Impact Weapon 2 | . . . . . . . . . . . . . . . . . . . . . . . . . . . . . . . . . . . . . . . . . 2 . . . . Slashing Weapon 11 | . . . . . . . . 1 1 2 1 1 . . 1 3 1 . . . . . . . . . . . . . . . . . . . . . . . . . . . . Piercing Weapon . | . . . . . . . . . . . . . . . . . . . . . . . . . . . . . . . . . . . . . . . . . . . . . . Special Melee Weapon 3 | . . . 1 . 1 . . . . . . . . . . . . . . . 1 . . . . . . . . . . . . . . . . . . . . . . . . Unidentified Prototypes 54 | . . . 2 . . . 2 1 . . . . 1 4 . 2 . 1 . 2 . 5 2 . . . . 5 . . . 3 1 . 4 . . 3 . 1 5 2 . 8 . Parts Lost 35 | . . 2 4 . 4 1 3 . . . . . . 2 2 . . . . . 1 5 . . . . . . . . . 2 . . . . . . 2 2 . 1 . . 4 Power 4 | . . . . . 1 . . . . . . . . 1 1 . . . . . . . . . . . . . . . . . . . . . . . . . . 1 . . . Propulsion 3 | . . . . . 1 . 1 . . . . . . . 1 . . . . . . . . . . . . . . . . . . . . . . . . . . . . . . Utility 18 | . . 1 3 . 1 1 2 . . . . . . 1 . . . . . . 1 2 . . . . . . . . . 1 . . . . . . 2 2 . . . . 1 Weapon 10 | . . 1 1 . 1 . . . . . . . . . . . . . . . . 3 . . . . . . . . . 1 . . . . . . . . . . . . 3 Highest Loss Streak 3 | . . 1 2 . 3 1 1 . . . . . . 1 2 . . . . . 1 3 . . . . . . . . . 1 . . . . . . 1 1 . 1 . . 3 Average Slot Usage (%) 78 | . 98 100 99 100 92 83 89 91 78 75 76 76 75 76 79 88 86 85 82 79 79 79 77 79 77 76 76 73 71 72 76 70 68 70 71 70 71 71 71 74 74 74 76 64 66 Engine 1 | . 14 14 11 11 11 11 9 7 1 . . . . . . . . . . . . . . . . . . . . . . . . . . . . . . . . . . . . Reactor 7 | . . . . . . . . . 11 15 15 15 15 14 14 8 6 6 7 6 6 7 11 11 11 11 11 7 5 5 5 4 5 5 4 5 4 4 4 4 4 3 7 7 6 Treads 4 | . 28 28 22 22 21 22 17 15 8 7 7 7 7 7 10 3 . . . . . . . . . . . . . . . . . . . . . . . . . . . . . Leg 1 | . . . . . . . . . . . . . . . . . . . 9 13 13 13 2 . . . . . . . . . . . . . . . . . . . . . . Wheel 4 | . . . . . . . . . . . . . . . . 9 13 13 3 . . . 3 5 5 5 5 5 5 5 5 5 5 5 5 5 9 9 9 8 8 8 7 7 9 Device 12 | . . . 7 . 5 7 13 14 7 7 7 7 8 8 8 11 13 12 10 5 6 8 15 11 11 11 11 11 11 20 15 14 15 20 19 20 21 18 17 19 20 16 19 18 15 Storage 19 | . 14 14 23 33 25 10 17 15 15 15 15 15 15 15 15 17 20 20 24 26 26 26 23 23 23 23 23 23 23 21 21 18 15 15 15 15 13 17 18 16 17 20 19 15 12 Processor 6 | . . . . . . . 4 7 7 7 7 7 7 5 5 8 6 6 6 6 6 4 6 11 11 11 11 11 11 10 14 12 10 10 10 10 9 9 9 8 8 8 7 6 9 Hackware 1 | . . . . . . . . . . . . . . . . 3 . . . . . . . . . . . . . . . 2 5 5 5 5 4 4 4 7 4 7 7 . . Protection 6 | . 12 14 12 11 7 10 9 7 6 7 7 7 5 9 7 6 6 6 4 6 5 6 5 5 5 5 5 5 5 5 5 5 5 5 5 5 4 4 4 4 6 4 3 3 4 Energy Cannon 6 | . 12 . . . 5 18 7 10 2 13 12 10 . 14 7 11 5 12 12 11 12 10 4 2 6 5 5 4 5 5 1 5 5 5 6 5 3 3 3 3 3 3 2 2 2 Ballistic Gun 1 | . 14 14 . . . . . . 9 . . 4 9 . . . 6 . . . . 1 . 6 . . . . . . 7 . . . . . . . . . . . . . . Ballistic Cannon 1 | . . . 13 22 9 3 7 1 1 . . . . . . . . . . . . . . . . . . . . . . . . . . . . . . . . . . . . Naked Turns 5 | . . . . . . . . . . . . . . . . . . . . . . . . . . . . . . . . . . . . . . . . . . . . . 5 Heaviest Build 465 | 11 21 19 116 116 133 125 112 107 154 157 156 156 157 158 159 183 183 191 219 204 204 209 213 205 205 205 205 205 214 216 211 218 219 219 226 219 225 236 239 257 288 434 454 460 465 Greatest Support 73 | 40 40 40 43 43 46 46 46 46 70 70 70 70 70 70 70 40 26 32 60 60 60 60 60 28 28 28 28 28 28 28 28 28 28 28 28 28 44 44 44 44 48 69 69 69 73 Greatest Overweight (x) 10 | . . . 2 2 4 2 2 2 2 2 2 2 2 2 3 7 7 7 5 3 3 3 7 7 7 7 7 7 7 7 7 7 7 7 8 7 7 5 5 5 6 9 6 10 10 Average Overweight (x) 4 | . . . 1 2 2 1 1 2 1 2 2 2 1 1 2 4 6 5 3 3 3 3 6 7 7 7 7 6 7 7 6 6 7 7 7 7 4 4 4 4 5 5 4 7 8 Largest Inventory Capacity 46 | 6 8 8 28 28 40 24 20 20 20 20 20 20 20 20 20 28 28 28 28 28 28 28 28 28 28 28 28 28 28 28 28 28 28 28 28 28 28 34 34 36 44 46 46 38 38 Average Capacity 27 | 5 6 8 19 28 28 15 19 20 20 20 20 20 20 20 20 25 28 28 28 28 28 28 28 28 28 28 28 28 28 28 28 28 28 28 28 28 28 33 34 35 38 44 45 38 33 Most Carried 45 | 6 8 8 28 28 28 24 20 20 20 20 20 20 20 20 20 28 28 28 28 28 28 28 28 28 28 28 28 28 28 28 28 28 28 28 28 28 28 34 34 36 44 45 44 38 38 Average Carried 27 | 3 6 7 18 27 24 12 18 18 19 19 20 20 19 18 19 23 27 27 26 27 27 27 27 27 27 27 27 27 27 27 27 27 27 27 27 27 27 32 33 35 37 43 41 37 32 Final Capacity 46 | 6 8 8 28 28 24 12 20 20 20 20 20 20 20 20 20 28 28 28 28 28 28 28 28 28 28 28 28 28 28 28 28 28 28 28 28 28 28 34 34 36 44 46 38 38 6 Final Carried 43 | 6 8 7 28 28 24 10 20 20 20 20 20 20 20 20 19 28 28 28 26 27 28 28 28 28 28 28 28 28 28 28 28 28 27 28 28 28 28 34 34 36 43 42 38 37 4 Class Distribution -------------------- 59% | Hauler-Mutant 21% | Scavenger-Mutant 9% | Generator-Mutant 3% | Hacker-Mutant 3% | Mutant Dominant Class ---------------- Mutant | -10/Materials Mutant | -10/Mines Hauler-Mutant | -9/Materials Hauler-Mutant | -9/Mines Hauler-Mutant | -9/Exiles Mutant | -8/Mines Hauler-Mutant | -8/Materials Hauler-Mutant | -7/Factory Scavenger-Mutant | -7/Waste Scavenger-Mutant | -7/Factory Scavenger-Mutant | -7/Lower Caves Scavenger-Mutant | -7/Lower Caves Scavenger-Mutant | -7/Zion Scavenger-Mutant | -7/Deep Caves Hauler-Mutant | -6/Proximity Caves Hauler-Mutant | -6/Factory Scavenger-Mutant | -6/Waste Hauler-Mutant | -6/Factory Hauler-Mutant | -6/Extension Hauler-Mutant | -6/Cetus Hauler-Mutant | -6/Archives Hauler-Mutant | -6/Hub_04(d) Scavenger-Mutant | -5/Factory Scavenger-Mutant | -5/Waste Hauler-Mutant | -5/Factory Hauler-Mutant | -5/Upper Caves Hauler-Mutant | -5/Upper Caves Hauler-Mutant | -5/Warlord Hauler-Mutant | -4/Proximity Caves Commander-Mutant | -4/Factory Hauler-Mutant | -4/Waste Hauler-Mutant | -4/Factory Hauler-Mutant | -4/Upper Caves Hauler-Mutant | -4/Upper Caves Hauler-Mutant | -4/Zhirov Hauler-Mutant | -3/Proximity Caves Hauler-Mutant | -3/Research Hauler-Mutant | -3/Testing Hauler-Mutant | -3/Garrison Hacker-Mutant | -2/Research Hauler-Mutant | -2/Quarantine Hauler-Mutant | -2/Section 7 Generator-Mutant | -1/Access Generator-Mutant | -1/Command Generator-Mutant | -1/Access_0 Resources | -11 -10 -10 -9 -9 -9 -8 -8 -7 -7 -7 -7 -7 -7 -7 -6 -6 -6 -6 -6 -6 -6 -6 -5 -5 -5 -5 -5 -5 -4 -4 -4 -4 -4 -4 -4 -3 -3 -3 -3 -2 -2 -2 -1 -1 -1 ----------- Run | Scr Mat Min Mat Min Exi Min Mat Fac Was Fac Low Low Zio Dee Pro Fac Was Fac Ext Cet Arc Hub Fac Was Fac Upp Upp War Pro Fac Was Fac Upp Upp Zhi Pro Res Tes Gar Res Qua Sec Acc Com Ac0 Matter Collected 26550 | 231 64 116 984 149 160 144 817 278 627 189 96 128 1285 267 250 555 632 640 240 80 261 1373 1104 422 340 400 120 688 660 707 418 1395 50 440 90 110 760 820 430 1418 1250 1852 1250 1645 615 Remotely 3817 | . . . . . . . . . . . . . . . . . . . . . . . . . 198 . . 140 . 680 418 442 . . . . 415 61 . 310 260 428 . 352 113 Salvage Created 59407 | . 337 325 1477 121 151 131 1051 287 1916 414 119 247 1466 887 289 879 2103 1750 1711 530 285 3790 3399 736 1222 707 181 1130 1464 1821 2195 2823 50 522 140 66 1145 1659 796 3411 2547 3615 4089 4076 1347 Parts 2095 | . 25 17 86 4 9 10 68 15 53 21 6 8 118 12 16 32 54 55 62 27 19 168 101 20 42 27 1 38 48 48 48 71 4 11 2 3 25 92 26 82 118 134 120 109 40 Haulers Intercepted 38 | . 2 . 4 . . . 4 1 . . . . . . . 2 . 4 1 . . 5 8 . . . . . . 2 . 3 . . . . . 1 . . . . 1 . . Recyclers Shooed 12 | . . . . . . 2 1 . . 1 . . . . . 3 . . . . . . 2 . . . . . . 1 . 1 . . . . . . . . . . 1 . . Parts Field Recycled . | . . . . . . . . . . . . . . . . . . . . . . . . . . . . . . . . . . . . . . . . . . . . . . Retrieved Matter . | . . . . . . . . . . . . . . . . . . . . . . . . . . . . . . . . . . . . . . . . . . . . . . Parts Self-Destructed 115 | . . . . . . . . . . . 1 8 . . 9 . . . . . . . . . . 4 . 74 10 . . . 4 3 . 2 . . . . . . . . . Prevented 79 | . . . . . . . . . . . . . . . 6 . . . . . . . . . . 19 1 13 27 . . . . 13 . . . . . . . . . . . Kills | -11 -10 -10 -9 -9 -9 -8 -8 -7 -7 -7 -7 -7 -7 -7 -6 -6 -6 -6 -6 -6 -6 -6 -5 -5 -5 -5 -5 -5 -4 -4 -4 -4 -4 -4 -4 -3 -3 -3 -3 -2 -2 -2 -1 -1 -1 ------- Run | Scr Mat Min Mat Min Exi Min Mat Fac Was Fac Low Low Zio Dee Pro Fac Was Fac Ext Cet Arc Hub Fac Was Fac Upp Upp War Pro Fac Was Fac Upp Upp Zhi Pro Res Tes Gar Res Qua Sec Acc Com Ac0 Combat Hostiles Destroyed 718 | . 2 8 31 5 8 6 20 1 6 6 2 4 6 36 8 5 6 23 24 9 . 38 38 2 16 15 3 17 20 19 6 30 1 8 . 3 14 21 13 46 26 43 52 50 21 Melee 1 | . . . . . . . . . . . . . . . . . . . . . . . . . . . . . . 1 . . . . . . . . . . . . . . . Guns 74 | . . 7 18 . . . 1 . 6 . . 3 4 . . . 6 . . . . 11 2 2 . . . 5 . . 6 . . . . . . . . . 3 . . . . Cannons 298 | . 2 1 12 4 . 2 13 1 . 4 1 1 . 5 4 4 . 17 19 1 . 15 15 . 8 7 2 5 6 12 . 9 1 3 . 1 5 11 4 14 16 18 20 25 10 AOE 118 | . . . . 1 7 4 5 . . 2 1 . . 29 4 . . 5 4 3 . . 10 . 4 5 . . 4 1 . 4 . . . 2 . 1 3 5 . . 5 5 4 Classes Destroyed 33 | . 5 2 3 1 1 1 2 1 1 . . . 3 3 . . . 1 1 . . 1 . . . . . 2 . . . . . . . . . 1 . 1 2 1 . . . Worker 22 | . . . . . . . 3 2 . 1 . . . . . 6 . 2 . . . 2 . . 3 . . . . . . 1 . . . . . 1 . . 1 . . . . Builder 16 | . . . 2 . . . . . . 1 . . . . . . . 2 . . . 3 . . 1 . . . 2 3 . . . . . . 1 . . . 1 . . . . Tunneler 6 | . 1 1 1 . . . . . . . . . . . . 1 . . 1 . . . . . 1 . . . . . . . . . . . . . . . . . . . . Hauler 38 | . 2 . 4 . . . 4 1 . . . . . . . 2 . 4 1 . . 5 8 . . . . . . 2 . 3 . . . . . 1 . . . . 1 . . Recycler 19 | . 2 . . 1 . 1 1 1 . 1 . . . . . 1 . 1 2 . . 1 2 . . . . . 1 2 . . . . . . . . . . 1 . . 1 . Carrier 1 | . . . . . . . . . . . . . . . . . . . . . . . . . . . . . . . . . . . . . . . . 1 . . . . . Mechanic 2 | . . 1 . . . . . . . . . . . . . . . . . . . . . . . . . . . . . . . . . . . . . . . . 1 . . Operator 9 | . . . . . . . . . . . . . . . . 1 . . . . 2 2 . . . . . . . . . 1 . . . . . . . . . 3 . . . Watcher 61 | . 3 . 5 . . . 4 1 . . . . . . . 3 . 1 1 1 . 3 6 . 3 . . . 2 2 . 6 . . . . 2 3 . 3 3 3 5 1 . Swarmer 74 | . . 2 6 . . 3 3 . . 1 2 . . . 4 . . 4 3 3 . . 5 . . 5 1 . 4 3 . . . 2 . 3 . . 3 4 . . 5 8 . Saboteur 5 | . . . . . . . . . . . . . . . . . . 1 . . . . . . . . . . . 1 . 1 . . . . . . . . . . 2 . . Grunt 233 | . 2 6 14 4 . 2 5 . . 3 . 3 . . . 3 . 9 12 2 . 13 23 . 6 7 1 7 6 7 . 12 . 4 . . 9 4 2 17 . 9 26 15 . Brawler 20 | . . . 1 . . . . . . . . . . . . . . 1 2 . . . 1 . 3 1 . . . . . 3 . . . . . . . 1 . 2 4 1 . Duelist 21 | . . . . . . 1 1 . . . . . . . . . . . . . . 1 . . 3 . . . 2 . . 3 . 1 . . . . . 1 . 1 4 3 . Protector 9 | . . . . . . . . . . . . . . . . . . . . . . 2 2 . 1 . . 2 . . . . . . . . . . . . . 2 . . . Researcher 1 | . . . . . . . . . . . . . . . . . . . . . . . . . . . . . . . . . . . . . . . . . . 1 . . . Sentry 69 | . . . 10 . . . 8 . . 2 . 1 . . . . . 3 3 . . 5 1 . 1 . 1 . 4 5 . 3 . 1 . . 3 . 2 4 . 8 1 3 . Demolisher 6 | . . . . 1 . . . . . . . . . . . . . . . . . . . . . . . 1 . . . . . . . . . . . 4 . . . . . Specialist 5 | . . . . . . . . . . . . . . . . . . . . . . . . . . . . . . . . . . . . . . 3 . . 2 . . . . Hunter 55 | . . . . . . . 3 . . . . . . . 3 . . 1 2 . . 4 4 . . 2 . 3 2 1 . 4 . . . . 2 4 4 2 7 2 . 5 . Programmer 78 | . . . . . . . . 1 . . . . . . 1 2 . 4 . . . 2 2 . 2 . . . 2 3 . 4 1 . . . . 10 1 2 12 14 10 5 . Behemoth 7 | . . . . . . . . . . . . . . . . . . . 2 . . 1 . . . . . . . . . . . . . . . . 1 . . . . 3 . Compactor 20 | . . . . . . . . . 6 . . . . . . . 6 . . . . . . 2 . . . . . . 6 . . . . . . . . . . . . . . Cetus Guard 4 | . . . . . . . . . . . . . . . . . . . . 4 . . . . . . . . . . . . . . . . . . . . . . . . . S7 Guard 3 | . . . . . . . . . . . . . . . . . . . . . . . . . . . . . . . . . . . . . . . . . . 3 . . . M Guard 2 | . . . . . . . . . . . . . . . . . . . . . . . . . . . . . . . . . . . . . . . . . . . . 2 . Enhanced Grunt 14 | . . . . . . . . . . . . . . . . . . . . . 2 . . . . . . . . . . . . . . . . . . . . . . . 12 Enhanced Sentry 1 | . . . . . . . . . . . . . . . . . . . . . . . . . . . . . . . . . . . . . . . . . . . . . 1 Enhanced Hunter 5 | . . . . . . . . . . . . . . . . . . . . . . . . . . . . . . . . . . . . . . . . . . . . . 5 Lightning 12 | . . . . . . . . . . . . . . . . . . . . . . 9 . . . . . . . . . . . . . . . . . . 3 . . . . Combat Programmer 2 | . . . . . . . . . . . . . . . . . . . . . . . . . . . . . . . . . . . . . . . . . . . . 2 . Striker 8 | . . . . . . . . . . . . . . . . . . . . . . . . . . . . 1 . . . . . . . . . . . 7 . . . . . Executioner 7 | . . . . . . . . . . . . . . . . . . . . . . . . . . . . 2 . . . . . . . . . . . 3 . 2 . . . Alpha 7 2 | . . . . . . . . . . . . . . . . . . . . . . . . . . . . . . . . . . . . . . . . . 1 . . 1 . Fortress 1 | . . . . . . . . . . . . . . . . . . . . . . . . . . . . . . . . . . . . . . . . . 1 . . . . Zionite 38 | . . . . . . . . . . . . . 38 . . . . . . . . . . . . . . . . . . . . . . . . . . . . . . . . Z-Technician 3 | . . . . . . . . . . . . . . 3 . . . . . . . . . . . . . . . . . . . . . . . . . . . . . . . Decomposer 1 | . . . . . . . . . . . . . . . . . . . . . . . . . . 1 . . . . . . . . . . . . . . . . . . . Tinkerer 3 | . . . . . . . . . . . . . 3 . . . . . . . . . . . . . . . . . . . . . . . . . . . . . . . . Assembler 2 | . . . . . . . . . . . . . . 2 . . . . . . . . . . . . . . . . . . . . . . . . . . . . . . . Assembled 41 | . . . . . 7 . . . . . . . . 34 . . . . . . . . . . . . . . . . . . . . . . . . . . . . . . . Golem 3 | . . . . . . . . . . . . . . 2 . . . . . . . . . . . . . 1 . . . . . . . . . . . . . . . . . Surgeon 4 | . . . . . . . . . . . 2 . . . . . . . . . . . . . . . . . . . 1 1 . . . . . . . . . . . . . Wasp 2 | . . . . . . . . . . . . . . . . . . . . . . . . . 2 . . . . . . . . . . . . . . . . . . . . Thug 6 | . . . . . . . . . . . . . . . . . . . . . . 3 . . 1 . . . . . . 2 . . . . . . . . . . . . . Savage 1 | . . . . . . . . . . . . . . . . . . . . . . . . . 1 . . . . . . . . . . . . . . . . . . . . Butcher 1 | . . . . . . . . . . 1 . . . . . . . . . . . . . . . . . . . . . . . . . . . . . . . . . . . Martyr 8 | . . . . . . . . . 2 . . . . . . . 2 . . . . . . 2 . . . . . . 2 . . . . . . . . . . . . . . Mutant 6 | . . . . . . . . . . . . . 5 . . . . . . . . . . . . . . . . . . . . . . . . . . 1 . . . . . Best Kill Streak 32 | . 2 2 4 2 7 7 5 3 3 3 1 3 10 32 6 3 4 5 6 5 1 12 13 1 13 5 3 7 7 7 5 7 1 4 . 3 5 4 4 9 5 5 7 12 3 Combat Bots Only 29 | . 2 2 4 2 7 6 3 1 3 2 1 3 2 29 6 2 4 4 4 5 . 11 10 1 6 5 3 7 4 4 5 7 1 4 . 3 4 4 4 8 5 5 12 12 3 Max Kills in Single Turn 8 | . 1 1 2 2 5 2 2 2 1 3 1 2 2 8 2 2 1 4 2 3 1 5 5 1 5 4 1 2 3 2 2 2 1 1 . 2 1 1 2 4 1 1 3 4 1 Gunslinging . | . . . . . . . . . . . . . . . . . . . . . . . . . . . . . . . . . . . . . . . . . . . . . . Exploded 8 | . . . . 1 5 2 2 . . 2 1 . . 8 2 . . 3 2 3 . . 5 . 2 4 . . 3 1 . 2 . . . 2 . 1 2 4 . . 3 4 1 Melee 1 | . . . . . . . . . . . . . . . . . . . . . . . . . . . . . . 1 . . . . . . . . . . . . . . . Uniques/NPCs Destroyed 7 | . . . . . 1 . . . . . . . 1 . . . . . . . . . . . . . . . . . . . . . . . . . . . . . . 2 3 8R-AWN (-9/Exiles) Imprinter (-7/Zion) MAIN.C Shell (-1/Command) MAIN.C (-1/Command) A8 (-1/Access_0) A6 (-1/Access_0) Architect (-1/Access_0) Combat | -11 -10 -10 -9 -9 -9 -8 -8 -7 -7 -7 -7 -7 -7 -7 -6 -6 -6 -6 -6 -6 -6 -6 -5 -5 -5 -5 -5 -5 -4 -4 -4 -4 -4 -4 -4 -3 -3 -3 -3 -2 -2 -2 -1 -1 -1 -------- Run | Scr Mat Min Mat Min Exi Min Mat Fac Was Fac Low Low Zio Dee Pro Fac Was Fac Ext Cet Arc Hub Fac Was Fac Upp Upp War Pro Fac Was Fac Upp Upp Zhi Pro Res Tes Gar Res Qua Sec Acc Com Ac0 Damage Taken 21749 | . 17 363 1227 148 946 415 1052 46 . 276 89 65 712 915 595 87 . 525 576 340 52 2702 395 129 166 180 35 98 432 226 . 851 . . 428 59 32 126 357 1317 772 229 227 733 3809 Core 2618 | . . 63 132 18 190 57 32 . . 15 . 8 1 46 21 . . 100 25 8 9 81 . 36 19 . . 77 12 20 . 25 . . 117 4 2 . 33 74 39 31 14 16 1293 Absorbed by Shields 16881 | . . . . . . . 54 . . . . . . . . . . 246 503 251 56 696 421 . . . . . 315 209 . 568 . . 189 57 27 123 237 520 400 233 263 2398 9115 Reduced by Siege Mode 30 | . . . . . . . . . . . . . . 30 . . . . . . . . . . . . . . . . . . . . . . . . . . . . . . . Core Remaining (%) 69 | 100 . 74 . . . . 94 . . . . . . . 87 . . . . . . 73 . . . . . . 85 . . . . . . 85 . . 97 . . 62 . . 8 Volleys Fired 2846 | . 17 35 107 16 34 20 101 13 41 25 11 8 118 55 22 110 45 99 79 18 40 136 84 39 45 34 31 50 64 63 32 103 3 42 7 2 46 77 42 115 112 175 160 192 178 Largest 2 | . 2 2 2 2 2 2 2 2 2 2 2 2 2 2 2 2 2 2 2 2 2 2 2 2 2 1 2 2 2 2 2 2 1 1 1 2 1 1 1 2 2 1 2 1 1 Hottest 200 | . 80 80 100 78 126 126 126 98 90 110 110 110 138 138 138 159 90 180 144 144 144 144 70 90 180 90 188 98 188 180 90 180 120 120 120 165 120 120 120 120 200 120 200 200 200 Shots Fired 3814 | . 22 66 211 32 65 35 186 22 69 39 12 14 229 87 27 146 86 164 150 35 44 248 88 65 56 34 35 69 81 69 51 108 3 42 7 3 46 77 42 117 127 174 161 192 178 Gun 836 | . 8 62 107 . . . 46 . 56 . . 8 179 . . . 82 . . . 36 80 8 52 . . . 44 . . 38 . . . . . . . . . 30 . . . . Cannon 2887 | . 14 4 102 32 63 32 135 22 13 35 6 6 49 80 22 145 4 163 148 34 8 168 71 13 56 32 35 25 79 68 13 108 3 42 7 1 46 77 40 110 87 167 156 189 177 Launcher 61 | . . . . . 2 3 5 . . 4 6 . . 7 5 . . 1 2 1 . . 7 . . 2 . . 2 . . . . . . 2 . . 2 6 . . 2 1 1 Special 30 | . . . 2 . . . . . . . . . 1 . . 1 . . . . . . 2 . . . . . . 1 . . . . . . . . . 1 10 7 3 2 . Kinetic 819 | . 5 32 102 32 . 6 73 . 56 . . 8 140 . . 1 82 . . . 36 80 8 52 . . . 38 . . 38 . . . . . . . . . 30 . . . . Thermal 1207 | . 17 34 2 . . . 101 22 13 35 6 6 42 40 12 93 4 55 140 . . 2 . 8 32 1 27 6 35 13 4 14 3 9 5 1 7 35 10 10 36 73 64 55 135 Explosive 50 | . . . . . 2 3 5 . . 4 6 . . 7 5 . . 1 2 1 . . 1 . . 2 . . 2 . . . . . . 2 . . 2 2 . . 2 1 . Electromagnetic 1660 | . . . 107 . 63 26 7 . . . . . 46 40 10 51 . 108 8 34 8 166 77 5 24 31 8 19 44 55 9 94 . 33 . . 39 42 30 104 51 94 92 92 43 Entropic 50 | . . . . . . . . . . . . . . . . . . . . . . . . . . . . 6 . . . . . . 2 . . . . . . . . 42 . Robot Hit Streak 39 | . 7 22 20 17 21 23 20 5 15 12 2 7 11 21 13 13 13 11 12 6 8 21 12 18 19 10 16 14 19 11 14 34 14 20 7 8 10 13 22 27 13 20 39 24 28 Robot Miss Streak 8 | . 2 3 8 2 2 4 8 2 2 1 2 4 4 5 1 3 6 5 3 2 3 4 1 2 3 1 1 3 2 3 2 2 . 2 . 1 1 5 1 3 3 2 2 3 4 Penetration Max 2 | . . . . . . . . . 1 . . 1 1 . . . 1 . . . 1 2 1 1 1 . . 1 1 1 1 1 . . . . 1 . 1 1 . 1 1 1 1 Secondary Targets 9 | . . 1 1 . . . . . . . . . 1 . . . 1 . . . . 5 . . . . . . . . . . . . . . . . . . . . . . . Max Gunslinging Chain 1 | . . 1 1 . . . . . . . . . 1 . . . 1 . . . . 1 . . . . . . . . . . . . . . . . . . . . . . . Capacitor 1129 | . . . . . . . . . . . . . . . . . . . . . . . . . . . . . . . . 41 3 42 7 . 46 77 40 109 87 167 155 189 166 Shots Hit Robots 2336 | . 16 51 163 23 63 33 134 13 38 24 4 7 127 44 13 50 48 86 84 24 26 159 65 48 35 22 7 44 31 47 36 78 2 13 4 2 24 39 26 70 72 109 85 140 107 Core Hits 1275 | . 11 17 67 7 18 23 62 8 11 19 6 5 56 80 11 24 18 51 62 17 14 90 56 10 36 17 2 24 21 27 15 32 1 7 1 7 15 17 12 40 35 42 48 61 72 Critical Hits 411 | . . 1 1 . . . . 1 20 3 1 3 35 1 . 1 25 . . . 14 36 23 22 8 6 4 15 10 11 13 17 . 3 . . 10 10 3 19 13 17 13 20 32 Critical Kills 124 | . . . . . . . . 1 6 . 1 3 11 . . . 6 . . . 4 14 7 2 5 4 2 5 3 4 6 3 . 1 . . 2 2 . 6 4 3 6 6 7 Critical Parts Destroyed 210 | . . 1 1 . . . . . 2 3 . . 20 1 . . 4 . . . 10 21 16 1 3 1 2 7 7 6 3 13 . 2 . . 8 8 1 13 8 12 7 10 19 Melee Attacks 41 | . . . 1 . 4 . . 2 6 6 3 1 . . 4 9 2 . . . 1 . . . . . . . . . . . . . . . . . . . 2 . . . . Kinetic 2 | . . . . . . . . . . . . . . . . . . . . . . . . . . . . . . . . . . . . . . . . . 2 . . . . Impact . | . . . . . . . . . . . . . . . . . . . . . . . . . . . . . . . . . . . . . . . . . . . . . . Slashing 33 | . . . . . . . . 2 6 6 3 1 . . 4 9 2 . . . . . . . . . . . . . . . . . . . . . . . . . . . . Piercing . | . . . . . . . . . . . . . . . . . . . . . . . . . . . . . . . . . . . . . . . . . . . . . . Sneak Attacks 21 | . . . 1 . 4 . . 1 6 1 2 . . . . 3 2 . . . 1 . . . . . . . . . . . . . . . . . . . . . . . . Combat Hostiles . | . . . . . . . . . . . . . . . . . . . . . . . . . . . . . . . . . . . . . . . . . . . . . . Follow-up Attacks . | . . . . . . . . . . . . . . . . . . . . . . . . . . . . . . . . . . . . . . . . . . . . . . Damage Inflicted 136904 | . 243 627 2984 752 438 606 3125 419 1318 1308 407 186 2777 3046 659 2058 1334 4122 5109 1476 663 6283 5543 1209 3781 1248 314 2105 2651 3487 970 5734 105 798 106 291 1954 2474 2260 6305 3937 6829 8695 14124 22044 Guns 10505 | . 34 544 1209 . . . 732 . 778 . . 105 1873 . . . 1145 . . . 509 919 92 993 . . . 688 . . 623 . . . . . . . . . 261 . . . . Cannons 96593 | . 208 73 1601 484 112 189 1989 324 . 620 52 81 845 860 402 1554 . 3049 4278 640 154 4210 4228 216 1863 1021 314 1221 2408 2820 347 4801 105 798 106 40 1954 2384 1708 5259 3639 6800 7871 12420 12545 Explosions 28061 | . . . 129 202 326 361 375 . . 547 181 . 59 2186 257 171 . 1073 831 836 . 1154 1223 . 1918 227 . 196 243 667 . 933 . . . 251 . 90 552 1046 . . 824 1704 9499 Melee 1457 | . . . . . . . . 91 540 93 174 . . . . 333 189 . . . . . . . . . . . . . . . . . . . . . . . 37 . . . . Ramming 288 | . 1 10 45 66 . 56 29 4 . 48 . . . . . . . . . . . . . . . . . . . . . . . . . . . . . . . 29 . . . Kinetic 10599 | . 14 277 1601 484 . 79 869 . 778 . . 105 1349 . . 31 1145 . . . 509 919 92 993 . . . 433 . . 623 . . . . . . . . . 298 . . . . Thermal 51261 | . 228 340 129 202 6 . 1652 324 . 620 52 81 712 240 135 519 . 1547 4054 551 . 549 414 . 665 . . 196 354 519 . 1306 105 . 106 40 . 791 520 362 1656 2819 2251 6074 21142 Explosive 11868 | . . . . . 320 361 375 . . 547 181 . . 2186 257 . . 263 831 285 . . 234 . 1918 227 . . 243 543 . . . . . 251 . 90 552 908 . . 809 487 . Electromagnetic 58163 | . . . 1209 . 112 110 200 . . . . . 716 620 267 1175 . 2312 224 640 154 4815 4803 216 1198 1021 314 1221 2054 2425 347 4428 . 798 . . 1954 1593 1188 5035 1983 3981 5635 4513 902 Impact . | . . . . . . . . . . . . . . . . . . . . . . . . . . . . . . . . . . . . . . . . . . . . . . Slashing 1420 | . . . . . . . . 91 540 93 174 . . . . 333 189 . . . . . . . . . . . . . . . . . . . . . . . . . . . . Piercing . | . . . . . . . . . . . . . . . . . . . . . . . . . . . . . . . . . . . . . . . . . . . . . . Entropic 3305 | . . . . . . . . . . . . . . . . . . . . . . . . . . . . 255 . . . . . . . . . . . . . . . 3050 . Highest Corruption 11 | . . . . . . . 1 1 1 1 1 1 1 . . . . . . . . 11 . . . . . . . . . . . . . . . 1 1 1 2 2 . . . Average Corruption 1 | . . . . . . . 1 1 1 1 1 1 1 . . . . . . . . 9 . . . . . . . . . . . . . . . 1 1 1 1 2 . . . Corruption Purged . | . . . . . . . . . . . . . . . . . . . . . . . . . . . . . . . . . . . . . . . . . . . . . . Effects 116 | . . . . . . . 1 . 5 5 7 4 . . . . . . . . . 35 . . . . . . . . . . . . . . . 6 . 3 18 32 . . . Message Errors 37 | . . . . . . . . . 1 3 3 3 . . . . . . . . . 4 . . . . . . . . . . . . . . . 2 . 2 7 12 . . . Matter Fused 5 | . . . . . . . . . . . . . . . . . . . . . . 5 . . . . . . . . . . . . . . . . . . . . . . . Heat Flow Errors 4 | . . . . . . . . . . . . . . . . . . . . . . 1 . . . . . . . . . . . . . . . . . . . 3 . . . Energy Discharges 23 | . . . . . . . 1 . 1 2 2 . . . . . . . . . . 3 . . . . . . . . . . . . . . . 2 . 1 4 7 . . . Data Loss (minor) 19 | . . . . . . . . . 2 . 2 1 . . . . . . . . . 4 . . . . . . . . . . . . . . . 1 . . 2 7 . . . Data Loss (major) 1 | . . . . . . . . . . . . . . . . . . . . . . 1 . . . . . . . . . . . . . . . . . . . . . . . Misfires 4 | . . . . . . . . . . . . . . . . . . . . . . 4 . . . . . . . . . . . . . . . . . . . . . . . Misdirections 1 | . . . . . . . . . . . . . . . . . . . . . . 1 . . . . . . . . . . . . . . . . . . . . . . . Targeting Errors 19 | . . . . . . . . . 1 . . . . . . . . . . . . 10 . . . . . . . . . . . . . . . 1 . . 5 2 . . . Weapon Failures 3 | . . . . . . . . . . . . . . . . . . . . . . 2 . . . . . . . . . . . . . . . . . . . 1 . . . Overload Shots 8 | . . . . . . . . . 5 . . . 3 . . . . . . . . . . . . . . . . . . . . . . . . . . . . . . . . Effects 2 | . . . . . . . . . 2 . . . . . . . . . . . . . . . . . . . . . . . . . . . . . . . . . . . . Energy Bleed 1 | . . . . . . . . . 1 . . . . . . . . . . . . . . . . . . . . . . . . . . . . . . . . . . . . Heat Surge 1 | . . . . . . . . . 1 . . . . . . . . . . . . . . . . . . . . . . . . . . . . . . . . . . . . Overflow Damage 6363 | . . . 69 10 56 . 54 61 202 5 2 . 13 134 12 223 . 260 223 13 . 141 222 13 218 . . 53 200 170 31 129 . 16 50 3 63 136 113 140 180 420 904 582 1242 Projectiles 4967 | . . . 63 8 . . 54 10 . 5 2 . 13 47 12 86 . 136 212 . . 97 216 13 86 . . 25 159 132 31 107 . 16 50 . 63 136 81 132 180 420 890 465 1020 Explosions 1012 | . . . 6 2 56 . . . . . . . . 87 . 6 . 124 11 13 . 44 6 . 132 . . 28 41 38 . 22 . . . 3 . . 32 8 . . 14 117 222 Melee 384 | . . . . . . . . 51 202 . . . . . . 131 . . . . . . . . . . . . . . . . . . . . . . . . . . . . . Knockbacks 36 | . . . 3 13 . 9 10 . . 1 . . . . . . . . . . . . . . . . . . . . . . . . . . . . . . . . . . . Impact 2 | . . . . 1 . . . . . 1 . . . . . . . . . . . . . . . . . . . . . . . . . . . . . . . . . . . Kinetic 32 | . . . 3 12 . 7 10 . . . . . . . . . . . . . . . . . . . . . . . . . . . . . . . . . . . . . . Secondary 2 | . . . . . . 2 . . . . . . . . . . . . . . . . . . . . . . . . . . . . . . . . . . . . . . . Self-Inflicted Damage 1690 | . . . 37 31 74 . . . . 33 . . 61 42 . . . 106 . 22 . 24 26 . . . . . . . . 64 . . . 24 . 34 . 9 . 14 . . 1089 Shots 30 | . . . 1 1 1 . . . . 1 . . 1 2 . . . 2 . 1 . 3 6 . . . . . . . . 1 . . . 1 . 1 . 4 . . . . 4 Rammed 38 | . . 3 11 4 . 9 4 1 . 5 . . . . . . . . . . . . . . . . . . . . . . . . . . . . . . . 1 . . . Targets Rammed 43 | . 1 4 12 4 . 10 4 1 . 6 . . . . . . . . . . . . . . . . . . . . . . . . . . . . . . . 1 . . . Kicked . | . . . . . . . . . . . . . . . . . . . . . . . . . . . . . . . . . . . . . . . . . . . . . . Crushed 5 | . 1 1 1 . . 1 . . . 1 . . . . . . . . . . . . . . . . . . . . . . . . . . . . . . . . . . . Highest Temperature 390 | . 113 208 303 204 108 211 234 . 248 147 88 90 220 295 174 285 30 367 208 306 207 299 300 319 144 18 276 52 226 78 . 317 150 300 225 . 242 288 282 235 245 308 288 306 390 Average Temperature 73 | . 32 74 66 67 37 72 54 . 95 54 34 35 42 89 48 82 15 93 19 105 30 102 46 153 57 11 90 14 87 32 . 98 72 88 98 . 85 89 75 70 71 74 85 106 112 Received Heat Transfer 5732 | . 9 195 408 63 . 3047 279 . . 117 . 18 27 214 . 27 . 101 177 26 3 586 77 . 9 9 . . 58 22 . 87 . . 3 . . 16 6 8 35 20 20 28 37 Effects 20 | . . . 1 . . . . . . . . . . . . . . 3 . . . 7 1 . . . . . 1 . . 3 . . . . . 3 . . . 1 . . . Energy Bleed 9 | . . . 1 . . . . . . . . . . . . . . 3 . . . 4 . . . . . . . . . . . . . . . . . . . 1 . . . Interference 11 | . . . . . . . . . . . . . . . . . . . . . . 3 1 . . . . . 1 . . 3 . . . . . 3 . . . . . . . Siege Activations 2 | . . . . . . . . . . . . . . 2 . . . . . . . . . . . . . . . . . . . . . . . . . . . . . . . Total Turns 48 | . . . . . . . . . . . . . . 48 . . . . . . . . . . . . . . . . . . . . . . . . . . . . . . . Longest Duration 37 | . . . . . . . . . . . . . . 37 . . . . . . . . . . . . . . . . . . . . . . . . . . . . . . . Robots Corrupted 270 | . . . 1 . 1 . . . . . . . 2 3 . 1 . 5 1 5 . 15 17 1 5 3 1 7 12 7 3 24 . 5 . . 10 12 6 30 9 26 31 20 7 Combat Hostiles 223 | . . . 1 . 1 . . . . . . . 2 3 . 1 . 1 1 5 . 10 11 . 4 3 1 7 10 5 . 17 . 5 . . 9 9 6 27 6 24 27 20 7 Parts Fried 567 | . . . 3 . 3 . 1 . . . . . 6 8 6 9 . 15 3 7 . 49 49 1 14 5 1 10 18 28 2 42 . 7 . . 19 21 10 58 14 45 49 51 13 Impact Corruptions . | . . . . . . . . . . . . . . . . . . . . . . . . . . . . . . . . . . . . . . . . . . . . . . Robots Melted 2 | . . . . . . . 1 . . . . . . . . . . . . . . . . . . . . . . . . . . . . . . . . . . 1 . . . Combat Hostiles 2 | . . . . . . . 1 . . . . . . . . . . . . . . . . . . . . . . . . . . . . . . . . . . 1 . . . Parts Melted 51 | . . . . . . . 10 1 . 2 . . 1 . 2 1 . 6 3 . . . . . 1 . . . 1 . . 1 2 . . . . 2 . . . 12 3 2 1 Heat Transferred 29101 | . 494 723 200 200 12 . 2664 481 . 938 87 124 938 359 148 682 . 1500 2175 400 . 452 400 . 485 . . 150 260 475 . 800 74 . 148 37 . 555 296 222 925 1887 1338 1886 6586 Parts Sabotaged . | . . . . . . . . . . . . . . . . . . . . . . . . . . . . . . . . . . . . . . . . . . . . . . Parts Stolen . | . . . . . . . . . . . . . . . . . . . . . . . . . . . . . . . . . . . . . . . . . . . . . . Parts Stripped . | . . . . . . . . . . . . . . . . . . . . . . . . . . . . . . . . . . . . . . . . . . . . . . Power Chain Reactions 26 | . . . 2 . 1 . . . . . . . 1 . . 2 . 1 . 2 . 7 3 . . . . 1 . 2 . 1 . . . . . . . 1 . . . 1 1 Missiles Intercepted . | . . . . . . . . . . . . . . . . . . . . . . . . . . . . . . . . . . . . . . . . . . . . . . Alert | -11 -10 -10 -9 -9 -9 -8 -8 -7 -7 -7 -7 -7 -7 -7 -6 -6 -6 -6 -6 -6 -6 -6 -5 -5 -5 -5 -5 -5 -4 -4 -4 -4 -4 -4 -4 -3 -3 -3 -3 -2 -2 -2 -1 -1 -1 ------- Run | Scr Mat Min Mat Min Exi Min Mat Fac Was Fac Low Low Zio Dee Pro Fac Was Fac Ext Cet Arc Hub Fac Was Fac Upp Upp War Pro Fac Was Fac Upp Upp Zhi Pro Res Tes Gar Res Qua Sec Acc Com Ac0 Peak Influence 2304 | . 161 135 547 204 . 192 407 155 10 811 . . . . . 143 54 1269 760 836 573 1766 2304 1131 1714 . . . . 1515 526 1114 . . . . 265 385 827 1530 840 722 1588 1401 . Initial 1100 | . . . . 104 . . 70 90 5 . . . . . . . 50 . 613 399 334 38 1100 1100 577 . . . . 74 518 228 . . . . . 148 302 465 840 213 413 500 . Average 466 | . 92 58 277 58 . 184 217 84 4 279 . . . . . 38 26 649 481 649 360 432 1546 1010 1124 . . . . 732 431 750 . . . . 177 222 622 941 220 311 877 983 . Maximum Alert Level 5 | . . . 2 1 . . 2 . . 3 . . . . . . . 4 3 3 2 5 5 4 5 . . . . 4 2 4 . . . . 1 1 3 4 3 3 4 5 . Low Security (%) 29 | 100 100 100 13 99 . 100 50 100 100 45 . . . . . 100 100 13 . . 5 39 . . . . . . . 13 . . . . . . 47 41 . . 44 25 . . . Level 1 24 | . . . 76 . . . 48 . . 26 . . . . . . . 10 29 9 67 28 . . . . . . . 13 46 14 . . . . 52 58 28 . 49 50 . . . Level 2 13 | . . . 9 . . . . . . 24 . . . . . . . 12 68 59 27 14 . . 12 . . . . 2 53 20 . . . . . . 17 16 4 22 41 1 . Level 3 15 | . . . . . . . . . . 4 . . . . . . . 50 2 31 . 7 . 58 41 . . . . 50 . 59 . . . . . . 53 62 1 2 27 10 . Level 4 7 | . . . . . . . . . . . . . . . . . . 12 . . . 3 56 41 25 . . . . 19 . 4 . . . . . . . 21 . . 30 9 . Level 5 9 | . . . . . . . . . . . . . . . . . . . . . . 2 24 . 20 . . . . . . . . . . . . . . . . . . 77 . High Security . | . . . . . . . . . . . . . . . . . . . . . . 3 18 . . . . . . . . . . . . . . . . . . . . . . Max Security . | . . . . . . . . . . . . . . . . . . . . . . . . . . . . . . . . . . . . . . . . . . . . . . Squads Dispatched 143 | . 1 1 3 . . . 6 1 . 6 . . . . . 4 . 13 3 . . 11 18 . 9 . . . . 9 . 10 . . . . 6 6 . . 9 10 13 4 . Investigation 16 | . 1 . 2 . . . 2 . . 1 . . . . . . . 3 2 . . . 2 . . . . . . . . . . . . . 1 . . . 1 1 . . . Extermination 40 | . . . . . . . . 1 . 1 . . . . . 2 . 4 . . . 3 1 . 2 . . . . 3 . 2 . . . . . 4 . . 7 5 4 1 . Reinforcement 43 | . . . 1 . . . 3 . . 3 . . . . . 2 . 4 1 . . 7 4 . 1 . . . . 3 . 2 . . . . 5 1 . . 1 2 3 . . Assault 37 | . . 1 . . . . . . . . . . . . . . . 1 . . . 1 11 . 3 . . . . 3 . 5 . . . . . 1 . . . 2 6 3 . Garrison 7 | . . . . . . . 1 . . 1 . . . . . . . 1 . . . . . . 3 . . . . . . 1 . . . . . . . . . . . . . Intercept . | . . . . . . . . . . . . . . . . . . . . . . . . . . . . . . . . . . . . . . . . . . . . . . Construction Impeded 12 | . . . . . . . . . . 1 . . . . . . . 1 1 . . 3 . . 1 . . . . 1 . . . . . . 1 . . . . 1 2 . . Haulers Reinforced 8 | . . . . . . . . . . . . . . . . 1 . 1 . . . 2 3 . . . . . . . . 1 . . . . . . . . . . . . . Stealth | -11 -10 -10 -9 -9 -9 -8 -8 -7 -7 -7 -7 -7 -7 -7 -6 -6 -6 -6 -6 -6 -6 -6 -5 -5 -5 -5 -5 -5 -4 -4 -4 -4 -4 -4 -4 -3 -3 -3 -3 -2 -2 -2 -1 -1 -1 --------- Run | Scr Mat Min Mat Min Exi Min Mat Fac Was Fac Low Low Zio Dee Pro Fac Was Fac Ext Cet Arc Hub Fac Was Fac Upp Upp War Pro Fac Was Fac Upp Upp Zhi Pro Res Tes Gar Res Qua Sec Acc Com Ac0 Distress Signals 63 | . . . 2 . . . 3 . . . . . . . . . . 1 2 2 . 10 1 . 1 . . 1 1 2 . 1 . . . . 8 . . 3 . 2 2 21 . Communications Jammed . | . . . . . . . . . . . . . . . . . . . . . . . . . . . . . . . . . . . . . . . . . . . . . . Distress Signals . | . . . . . . . . . . . . . . . . . . . . . . . . . . . . . . . . . . . . . . . . . . . . . . Times Spotted 995 | . 5 12 52 6 8 9 29 5 3 29 4 1 48 45 8 16 5 40 33 16 30 64 52 6 29 9 . 19 15 40 4 50 . 3 2 3 12 18 13 38 23 44 50 62 35 Peak Tracking Total 37 | . 4 4 5 2 9 4 5 2 2 5 3 1 5 37 7 2 2 5 6 5 2 17 12 4 6 4 2 8 5 17 4 9 1 4 2 3 3 3 4 6 3 5 7 10 5 Tactical Retreats 71 | . . . 4 2 . 2 . . . . 1 . 10 5 1 . . 5 1 . . 4 5 . 2 2 1 . 1 2 . 2 . 3 . . 1 . . 5 . 1 6 5 . Traps | -11 -10 -10 -9 -9 -9 -8 -8 -7 -7 -7 -7 -7 -7 -7 -6 -6 -6 -6 -6 -6 -6 -6 -5 -5 -5 -5 -5 -5 -4 -4 -4 -4 -4 -4 -4 -3 -3 -3 -3 -2 -2 -2 -1 -1 -1 ------- Run | Scr Mat Min Mat Min Exi Min Mat Fac Was Fac Low Low Zio Dee Pro Fac Was Fac Ext Cet Arc Hub Fac Was Fac Upp Upp War Pro Fac Was Fac Upp Upp Zhi Pro Res Tes Gar Res Qua Sec Acc Com Ac0 Traps Triggered 33 | . . . . . . . . 1 . . . . . . . 2 . 5 1 . . 1 2 . . . . . . 2 . 1 . . . . 3 1 3 . 4 . 2 5 . Indirectly 1 | . . . . . . . . . . . . . . . . . . . . . . 1 . . . . . . . . . . . . . . . . . . . . . . . Trap Hack Attempts 101 | . . . 101 . . . . . . . . . . . . . . . . . . . . . . . . . . . . . . . . . . . . . . . . . . Triggered . | . . . . . . . . . . . . . . . . . . . . . . . . . . . . . . . . . . . . . . . . . . . . . . Disarmed 22 | . . . 1 . . . . . . . . . . . . . . . 6 . . . . . . . . . . 1 . 6 . . . . . . . . . 8 . . . Reprogrammed 9 | . . . 8 . . . . . . . . . . . . . . . . . . . . . . . . . . . . . . . . . . . . . . 1 . . . Reused 4 | . . . . . 3 . . . . . . . 1 . . . . . . . . . . . . . . . . . . . . . . . . . . . . . . . . Traps Extracted 8 | . . . 8 . . . . . . . . . . . . . . . . . . . . . . . . . . . . . . . . . . . . . . . . . . Installed 11 | . . . . . 8 . . . . . . . 3 . . . . . . . . . . . . . . . . . . . . . . . . . . . . . . . . Triggered 19 | . . . . . . . . . . . . . . . . . . . . . . . 1 . . . . 15 . . . . . 2 . . . . . . . . . 1 . Fabricated Traps 3 | . . . . . . . . . . . . . 3 . . . . . . . . . . . . . . . . . . . . . . . . . . . . . . . . Machines | -11 -10 -10 -9 -9 -9 -8 -8 -7 -7 -7 -7 -7 -7 -7 -6 -6 -6 -6 -6 -6 -6 -6 -5 -5 -5 -5 -5 -5 -4 -4 -4 -4 -4 -4 -4 -3 -3 -3 -3 -2 -2 -2 -1 -1 -1 ---------- Run | Scr Mat Min Mat Min Exi Min Mat Fac Was Fac Low Low Zio Dee Pro Fac Was Fac Ext Cet Arc Hub Fac Was Fac Upp Upp War Pro Fac Was Fac Upp Upp Zhi Pro Res Tes Gar Res Qua Sec Acc Com Ac0 Machines Disabled 170 | . . . 2 2 3 . 4 . . . . . 4 2 . 2 . 11 8 . 4 35 9 . 13 . . 2 2 15 . 3 . . 1 . . 9 2 1 7 16 1 8 4 Max in Single Turn 20 | . . . 2 1 1 . 1 . . . . . 1 1 . 1 . 4 1 . 1 20 2 . 6 . . 1 1 2 . 2 . . 1 . . 1 1 1 2 1 1 1 1 Garrison Access 7 | . . . . . . . 1 . . . . . . . . . . 1 . . . 1 1 . . . . . . . . 1 . . . . 1 . . . . 1 . . . Garrison Relay 2 | . . . . . . . . . . . . . . . . . . . . . . . . . . . . . . . . . . . . . . . 2 . . . . . . Network Hub 4 | . . . . . . . . . . . . . . . . . . . . . . 4 . . . . . . . . . . . . . . . . . . . . . . . Machines Sabotaged . | . . . . . . . . . . . . . . . . . . . . . . . . . . . . . . . . . . . . . . . . . . . . . . Garrisons Compromised . | . . . . . . . . . . . . . . . . . . . . . . . . . . . . . . . . . . . . . . . . . . . . . . Overloaded Fab Kills . | . . . . . . . . . . . . . . . . . . . . . . . . . . . . . . . . . . . . . . . . . . . . . . Fab Network Shutdowns 1 | . . . . . . . . . . . . . . . . . . . . . . . . . . . . . . . . . . . . . . . . 1 . . . . . Hacking | -11 -10 -10 -9 -9 -9 -8 -8 -7 -7 -7 -7 -7 -7 -7 -6 -6 -6 -6 -6 -6 -6 -6 -5 -5 -5 -5 -5 -5 -4 -4 -4 -4 -4 -4 -4 -3 -3 -3 -3 -2 -2 -2 -1 -1 -1 --------- Run | Scr Mat Min Mat Min Exi Min Mat Fac Was Fac Low Low Zio Dee Pro Fac Was Fac Ext Cet Arc Hub Fac Was Fac Upp Upp War Pro Fac Was Fac Upp Upp Zhi Pro Res Tes Gar Res Qua Sec Acc Com Ac0 Machines Accessed 136 | . 3 . 13 . 2 . 11 1 . 4 2 . 1 . . 6 . 12 7 1 . 4 3 . 6 1 1 1 2 3 . 4 . . 5 1 2 4 . 2 19 11 3 1 . Terminals 89 | . 1 . 11 . . . 6 . . 1 . . . . . 3 . 9 7 1 . 4 1 . 4 . . . 1 1 . 3 . . . 1 1 3 . 1 16 10 3 1 . Fabricators 8 | . . . . . . . . . . . . . . . . 1 . 1 . . . . 2 . 2 . . . . . . 1 . . . . . . . 1 . . . . . Repair Stations 7 | . 1 . . . . . 1 1 . . . . . . . 2 . . . . . . . . . . . . . . . . . . . . . . . . 2 . . . . Recycling Units 9 | . 1 . 2 . . . 2 . . 1 . . . . . . . 1 . . . . . . . . . . 1 1 . . . . . . . . . . . . . . . Scanalyzers 5 | . . . . . . . 1 . . 2 . . . . . . . . . . . . . . . . . . . 1 . . . . . . . . . . 1 . . . . Garrison Access 5 | . . . . . . . 1 . . . . . . . . . . 1 . . . . . . . . . . . . . . . . . . 1 1 . . . 1 . . . Total Hacks 464 | . 8 . 33 . 2 . 34 3 . 12 5 . 3 . . 15 . 23 19 1 . 8 15 . 49 1 1 1 4 11 . 33 . . 18 1 6 21 . 10 63 43 20 1 . Successful 259 | . 6 . 20 . 2 . 19 2 . 8 5 . 3 . . 11 . 10 7 1 . 1 4 . 21 1 1 1 4 4 . 13 . . 18 1 5 15 . 5 37 24 9 1 . Failed 205 | . 2 . 13 . . . 15 1 . 4 . . . . . 4 . 13 12 . . 7 11 . 28 . . . . 7 . 20 . . . . 1 6 . 5 26 19 11 . . Catastrophic 34 | . . . 1 . . . 2 . . . . . . . . . . 3 1 . . 2 1 . 3 . . . . 1 . 4 . . . . . 3 . 1 6 2 4 . . Database Lockouts . | . . . . . . . . . . . . . . . . . . . . . . . . . . . . . . . . . . . . . . . . . . . . . . Manual 180 | . 6 . 22 . 1 . 20 . . 2 . . . . . 2 . 11 7 1 . 3 4 . 25 . . . 1 1 . 9 . . . . 2 11 . 2 21 13 16 . . Terminals 321 | . 6 . 31 . . . 22 . . 5 . . . . . 6 . 19 19 1 . 8 5 . 30 . . . 1 5 . 24 . . . 1 5 20 . 4 46 42 20 1 . Fabricators 48 | . . . . . . . . . . . . . . . . 2 . 2 . . . . 10 . 19 . . . . . . 9 . . . . . . . 6 . . . . . Repair Stations 26 | . 1 . . . . . 3 3 . . . . . . . 7 . . . . . . . . . . . . . . . . . . . . . . . . 12 . . . . Recycling Units 16 | . 1 . 2 . . . 4 . . 1 . . . . . . . 1 . . . . . . . . . . 3 4 . . . . . . . . . . . . . . . Scanalyzers 17 | . . . . . . . 4 . . 6 . . . . . . . . . . . . . . . . . . . 2 . . . . . . . . . . 5 . . . . Garrison Access 5 | . . . . . . . 1 . . . . . . . . . . 1 . . . . . . . . . . . . . . . . . . 1 1 . . . 1 . . . Terminal Hacks 163 | . 3 . 15 . 2 . 9 . . 4 5 . 3 . . 3 . 4 6 1 . 1 1 . 7 1 1 1 1 2 . 7 . . 18 1 2 11 . 2 24 20 7 1 . Record 15 | . . . . . 1 . . . . . 4 . . . . . . . . . . . . . . . . . . . . . . . 6 1 . . . . 3 . . . . Part Schematic 7 | . . . . . . . . . . . . . 3 . . . . . . . . . . . . . . . . . . . . . 4 . . . . . . . . . . Robot Schematic 2 | . . . 1 . . . 1 . . . . . . . . . . . . . . . . . . . . . . . . . . . . . . . . . . . . . . Robot Analysis 14 | . 2 . 1 . . . 2 . . . . . . . . . . . . . . . . . 1 . . . . . . . . . 4 . . . . . 2 2 . . . Prototype ID Bank 19 | . . . 1 . . . 1 . . 1 . . . . . 1 . . . . . . . . 1 . . . . . . . . . 4 . . 2 . 1 4 3 . . . Open Door 15 | . . . . . . . . . . . 1 . . . . . . . 2 1 . . . . . 1 1 1 1 . . . . . . . . . . . 2 2 2 1 . Level Access Points 1 | . . . . . . . . . . . . . . . . . . . . . . . . . . . . . . . . . . . . . . . . . 1 . . . . Branch Access Points 2 | . . . . . . . . . . . . . . . . . . 1 . . . . . . . . . . . . . 1 . . . . . . . . . . . . . Emergency Access Points 1 | . . . . . . . . . . . . . . . . . . . . . . . . . . . . . . . . . . . . . . . . . . 1 . . . Terminal Index 3 | . . . . . . . . . . 1 . . . . . . . . . . . . . . 1 . . . . . . . . . . . . 1 . . . . . . . Alert Level 11 | . . . 3 . . . 2 . . 1 . . . . . . . . . . . . . . . . . . . . . 1 . . . . . 4 . . . . . . . Unreport Threat 20 | . . . 2 . . . 1 . . . . . . . . . . . 1 . . . . . . . . . . . . 2 . . . . . . . . 6 3 5 . . Locate Traps 25 | . 1 . 6 . . . 1 . . . . . . . . 2 . 1 2 . . 1 1 . 2 . . . . 1 . 1 . . . . 1 . . . 2 3 . . . Disarm Traps 5 | . . . . . . . . . . . . . . . . . . . 1 . . . . . . . . . . 1 . 1 . . . . . . . . . 2 . . . Reprogram Traps 1 | . . . . . . . . . . . . . . . . . . . . . . . . . . . . . . . . . . . . . . . . . . 1 . . . Recall Investigation 2 | . . . . . . . . . . . . . . . . . . 1 . . . . . . . . . . . . . . . . . . . . . . . 1 . . . Recall Extermination 2 | . . . . . . . . . . . . . . . . . . . . . . . . . . . . . . . . . . . . . . . . . 2 . . . . Hauler Manifests 12 | . . . 1 . . . 1 . . 1 . . . . . . . 1 . . . . . . 1 . . . . . . . . . . . 1 1 . 1 2 2 . . . Zone Layout 2 | . . . . . . . . . . . . . . . . . . . . . . . . . 1 . . . . . . 1 . . . . . . . . . . . . . EX-Prototype ID Bank 1 | . . . . . 1 . . . . . . . . . . . . . . . . . . . . . . . . . . . . . . . . . . . . . . . . Protovariant Controls 3 | . . . . . . . . . . . . . . . . . . . . . . . . . . . . . . . . . . . . . . 3 . . . . . . . Fabricator Hacks 14 | . . . . . . . . . . . . . . . . 2 . 1 . . . . 2 . 5 . . . . . . 2 . . . . . . . 2 . . . . . Network Status 1 | . . . . . . . . . . . . . . . . . . . . . . . . . 1 . . . . . . . . . . . . . . . . . . . . Load Schematic 6 | . . . . . . . . . . . . . . . . 1 . 1 . . . . 1 . 2 . . . . . . . . . . . . . . 1 . . . . . Build 7 | . . . . . . . . . . . . . . . . 1 . . . . . . 1 . 2 . . . . . . 2 . . . . . . . 1 . . . . . Repair Station Hacks 17 | . 1 . . . . . 2 2 . . . . . . . 5 . . . . . . . . . . . . . . . . . . . . . . . . 7 . . . . Scan Component 10 | . 1 . . . . . 1 1 . . . . . . . 3 . . . . . . . . . . . . . . . . . . . . . . . . 4 . . . . Repair 7 | . . . . . . . 1 1 . . . . . . . 2 . . . . . . . . . . . . . . . . . . . . . . . . 3 . . . . Recycling Unit Hacks 3 | . . . . . . . . . . . . . . . . . . 1 . . . . . . . . . . 2 . . . . . . . . . . . . . . . . Retrieve Components 3 | . . . . . . . . . . . . . . . . . . 1 . . . . . . . . . . 2 . . . . . . . . . . . . . . . . Scanalyzer 11 | . . . . . . . 4 . . 2 . . . . . . . . . . . . . . . . . . . 1 . . . . . . . . . . 4 . . . . Insert Component 8 | . . . . . . . 2 . . 1 . . . . . . . . . . . . . . . . . . . 1 . . . . . . . . . . 4 . . . . Analyze 3 | . . . . . . . 2 . . 1 . . . . . . . . . . . . . . . . . . . . . . . . . . . . . . . . . . . Garrison Access Hacks 4 | . . . . . . . 1 . . . . . . . . . . . . . . . . . . . . . . . . . . . . . 1 1 . . . 1 . . . Unlock Access 1 | . . . . . . . . . . . . . . . . . . . . . . . . . . . . . . . . . . . . . . 1 . . . . . . . Seal Access 3 | . . . . . . . 1 . . . . . . . . . . . . . . . . . . . . . . . . . . . . . 1 . . . . 1 . . . Unauthorized Hacks 47 | . 2 . 5 . . . 3 . . 2 . . . . . 1 . 4 1 . . . 1 . 9 . . . 1 1 . 4 . . . . 2 3 . 1 2 3 2 . . Terminals 31 | . 1 . 3 . . . 2 . . 1 . . . . . 1 . 3 1 . . . . . 5 . . . . 1 . 1 . . . . 2 3 . . 2 3 2 . . Track 2 | . 1 . 1 . . . . . . . . . . . . . . . . . . . . . . . . . . . . . . . . . . . . . . . . . . Assimilate 1 | . . . . . . . . . . . . . . . . . . . . . . . . . . . . . . . . . . . . . . 1 . . . . . . . Botnet 23 | . . . 1 . . . 2 . . 1 . . . . . 1 . 3 1 . . . . . 2 . . . . 1 . 1 . . . . 1 2 . . 2 3 2 . . Detonate 1 | . . . . . . . . . . . . . . . . . . . . . . . . . 1 . . . . . . . . . . . . . . . . . . . . Disrupt 2 | . . . . . . . . . . . . . . . . . . . . . . . . . 1 . . . . . . . . . . . 1 . . . . . . . . Operators 2 | . . . 1 . . . . . . . . . . . . . . . . . . . . . 1 . . . . . . . . . . . . . . . . . . . . Fabricators 9 | . . . . . . . . . . . . . . . . . . . . . . . 1 . 4 . . . . . . 3 . . . . . . . 1 . . . . . Report 2 | . . . . . . . . . . . . . . . . . . . . . . . . . 1 . . . . . . 1 . . . . . . . . . . . . . Prioritize 2 | . . . . . . . . . . . . . . . . . . . . . . . . . 1 . . . . . . 1 . . . . . . . . . . . . . Siphon 1 | . . . . . . . . . . . . . . . . . . . . . . . . . 1 . . . . . . . . . . . . . . . . . . . . Haulers 4 | . . . . . . . . . . . . . . . . . . . . . . . 1 . 1 . . . . . . 1 . . . . . . . 1 . . . . . Repair Stations . | . . . . . . . . . . . . . . . . . . . . . . . . . . . . . . . . . . . . . . . . . . . . . . Recycling Units 6 | . 1 . 2 . . . 1 . . 1 . . . . . . . . . . . . . . . . . . 1 . . . . . . . . . . . . . . . . Tunnel 6 | . 1 . 2 . . . 1 . . 1 . . . . . . . . . . . . . . . . . . 1 . . . . . . . . . . . . . . . . Scanalyzers . | . . . . . . . . . . . . . . . . . . . . . . . . . . . . . . . . . . . . . . . . . . . . . . Garrison Access 1 | . . . . . . . . . . . . . . . . . . 1 . . . . . . . . . . . . . . . . . . . . . . . . . . . Jam 1 | . . . . . . . . . . . . . . . . . . 1 . . . . . . . . . . . . . . . . . . . . . . . . . . . Data Cores Recovered 4 | . . . . . . . . . . . . . . . . . . . . . . 1 . . . . . . . . . 1 . . . . . . . . . 2 . . . Used . | . . . . . . . . . . . . . . . . . . . . . . . . . . . . . . . . . . . . . . . . . . . . . . Hacking Detections 88 | . 2 . 11 . . . 8 1 . 3 . . . . . 3 . 11 6 . . 4 3 . 5 . . . . 2 . 4 . . . . 1 3 . 2 10 6 3 . . Full Trace Events 4 | . . . . . . . 1 . . . . . . . . . . . 1 . . . . . . . . . . . . . . . . . . . . . 1 1 . . . Feedback Events 1 | . . . . . . . 1 . . . . . . . . . . . . . . . . . . . . . . . . . . . . . . . . . . . . . . Corruption 1 | . . . . . . . 1 . . . . . . . . . . . . . . . . . . . . . . . . . . . . . . . . . . . . . . Feedback Blocked . | . . . . . . . . . . . . . . . . . . . . . . . . . . . . . . . . . . . . . . . . . . . . . . Robot Schematics Acquired 2 | . . . 1 . . . 1 . . . . . . . . . . . . . . . . . . . . . . . . . . . . . . . . . . . . . . Robots Built 1 | . . . . . . . . . . . . . . . . . . . . . . . . . 1 . . . . . . . . . . . . . . . . . . . . Matter 153 | . . . . . . . . . . . . . . . . . . . . . . . . . 153 . . . . . . . . . . . . . . . . . . . . Time 40 | . . . . . . . . . . . . . . . . . . . . . . . . . 40 . . . . . . . . . . . . . . . . . . . . Total Robot Build Rating 1 | . . . . . . . . . . . . . . . . . . . . . . . . . 1 . . . . . . . . . . . . . . . . . . . . Part Schematics Acquired 10 | . . . . . . . 2 . . 1 . . 3 . . . . . . . . . . . . . . . . . . . . . 4 . . . . . . . . . . Parts Built 7 | . . . . . . . . . . . . . . . . 1 . . . . . . 1 . 2 . . . . . . 2 . . . . . . . 1 . . . . . Matter 1513 | . . . . . . . . . . . . . . . . 146 . . . . . . 285 . 175 . . . . . . 556 . . . . . . . 351 . . . . . Time 425 | . . . . . . . . . . . . . . . . 36 . . . . . . 76 . 117 . . . . . . 103 . . . . . . . 93 . . . . . Total Part Build Rating 47 | . . . . . . . . . . . . . . . . 3 . . . . . . 5 . 14 . . . . . . 18 . . . . . . . 7 . . . . . Parts Repaired 7 | . . . . . . . 1 1 . . . . . . . 2 . . . . . . . . . . . . . . . . . . . . . . . . 3 . . . . Time 359 | . . . . . . . 80 32 . . . . . . . 144 . . . . . . . . . . . . . . . . . . . . . . . . 103 . . . . Parts Recycled . | . . . . . . . . . . . . . . . . . . . . . . . . . . . . . . . . . . . . . . . . . . . . . . Recycled Matter . | . . . . . . . . . . . . . . . . . . . . . . . . . . . . . . . . . . . . . . . . . . . . . . Retrieved Matter . | . . . . . . . . . . . . . . . . . . . . . . . . . . . . . . . . . . . . . . . . . . . . . . Retrieved Components 18 | . . . . . . . . . . . . . . . . . . 3 . . . . . . . . . . 15 . . . . . . . . . . . . . . . . Parts Scanalyzed 3 | . . . . . . . 2 . . 1 . . . . . . . . . . . . . . . . . . . . . . . . . . . . . . . . . . . Part Schematics Acquired 3 | . . . . . . . 2 . . 1 . . . . . . . . . . . . . . . . . . . . . . . . . . . . . . . . . . . Parts Damaged . | . . . . . . . . . . . . . . . . . . . . . . . . . . . . . . . . . . . . . . . . . . . . . . Bothacking | -11 -10 -10 -9 -9 -9 -8 -8 -7 -7 -7 -7 -7 -7 -7 -6 -6 -6 -6 -6 -6 -6 -6 -5 -5 -5 -5 -5 -5 -4 -4 -4 -4 -4 -4 -4 -3 -3 -3 -3 -2 -2 -2 -1 -1 -1 ------------ Run | Scr Mat Min Mat Min Exi Min Mat Fac Was Fac Low Low Zio Dee Pro Fac Was Fac Ext Cet Arc Hub Fac Was Fac Upp Upp War Pro Fac Was Fac Upp Upp Zhi Pro Res Tes Gar Res Qua Sec Acc Com Ac0 Used RIF Installer 1 | . . . . . . . . . . . . . . . . . . . . . . . . . . . . . . . . . . . . . . . 1 . . . . . . Robots Hacked 18 | . . . . . 4 . . . . . . . 1 . . 1 . . . . 1 . 1 . . . . . . 1 . . . . . . . . . 1 1 3 2 2 . Non-combat 10 | . . . . . 3 . . . . . . . . . . 1 . . . . . . 1 . . . . . . 1 . . . . . . . . . 1 . . 2 1 . Combat 7 | . . . . . 1 . . . . . . . 1 . . . . . . . 1 . . . . . . . . . . . . . . . . . . . 1 3 . . . Robot Hacks Applied 18 | . . . . . 4 . . . . . . . 1 . . 1 . . . . 1 . 1 . . . . . . 1 . . . . . . . . . 1 1 4 2 1 . parse_system 10 | . . . . . 4 . . . . . . . 1 . . . . . . . 1 . . . . . . . . . . . . . . . . . . 1 1 1 1 . . find_chute 3 | . . . . . . . . . . . . . . . . 1 . . . . . . 1 . . . . . . 1 . . . . . . . . . . . . . . . purge_threat 1 | . . . . . . . . . . . . . . . . . . . . . . . . . . . . . . . . . . . . . . . . . . . 1 . . formatsys_low 3 | . . . . . . . . . . . . . . . . . . . . . . . . . . . . . . . . . . . . . . . . . . 2 . 1 . formatsys_high 1 | . . . . . . . . . . . . . . . . . . . . . . . . . . . . . . . . . . . . . . . . . . 1 . . . Manual 1 | . . . . . . . . . . . . . . . . . . . . . . . . . . . . . . . . . . . . . . . . . . . . 1 . Relay Couplers Released 14 | . . . . . . . . . . . . . . . . . . . . . . . . . . . . . . . . 1 . . . . . . 10 . . . 3 . . Machine Destruction 11 | . . . . . . . . . . . . . . . . . . . . . . . . . . . . . . . . 1 . . . . . . 10 . . . . . . Programmers 3 | . . . . . . . . . . . . . . . . . . . . . . . . . . . . . . . . . . . . . . . . . . . 3 . . Attached 4 | . . . . . . . . . . . . . . . . . . . . . . . . . . . . . . . . . . . . . . . 1 . . 2 . 1 . Robots Rewired 17 | . . . . . . . . . . . . . . . . . . . 6 . . . . . . . . . 11 . . . . . . . . . . . . . . . . Allies Hacked 4 | . . . . . . . . . . . . . . . . . . . . . . . . . 2 . . . . 1 . 1 . . . . . . . . . . . . . Hacks Repelled . | . . . . . . . . . . . . . . . . . . . . . . . . . . . . . . . . . . . . . . . . . . . . . . Allies | -11 -10 -10 -9 -9 -9 -8 -8 -7 -7 -7 -7 -7 -7 -7 -6 -6 -6 -6 -6 -6 -6 -6 -5 -5 -5 -5 -5 -5 -4 -4 -4 -4 -4 -4 -4 -3 -3 -3 -3 -2 -2 -2 -1 -1 -1 -------- Run | Scr Mat Min Mat Min Exi Min Mat Fac Was Fac Low Low Zio Dee Pro Fac Was Fac Ext Cet Arc Hub Fac Was Fac Upp Upp War Pro Fac Was Fac Upp Upp Zhi Pro Res Tes Gar Res Qua Sec Acc Com Ac0 Total Allies 108 | . . 1 . . . . . . 19 . . . . . . . 19 . 9 5 . 3 . 18 1 . . . 11 . 18 . . . . . . . . . . 3 . 1 . Largest Group 19 | . . 1 . . . . . . 19 17 6 . . . . . 19 16 3 5 5 3 . 18 17 . . . 11 11 18 15 . . . . . . . . . 2 . 1 . Highest-Rated Group 696 | . . 31 . . . . . . 487 417 190 . . . . . 696 563 156 526 526 188 . 650 561 . . . 368 368 668 534 . . . . . . . . . 278 . 32 . Highest-Rated Ally 222 | . . 31 . . . . . . 35 33 33 . . . . . 50 46 156 156 156 94 . 50 46 . . . 56 56 50 46 . . . . . . . . . 222 . 32 . Total Orders 16 | . . . . . . . . . . . . . . . . . . . . . 2 3 . . 1 . . . . . . . . . . . . . . . . 6 . 4 . STAY 9 | . . . . . . . . . . . . . . . . . . . . . 1 2 . . . . . . . . . . . . . . . . . . . 4 . 2 . FOLLOW 4 | . . . . . . . . . . . . . . . . . . . . . 1 1 . . . . . . . . . . . . . . . . . . . 2 . . . AID 3 | . . . . . . . . . . . . . . . . . . . . . . . . . 1 . . . . . . . . . . . . . . . . . . 2 . Ally Attacks 844 | . . 11 . . . . . . . 169 11 . . . . . . 135 60 26 16 37 . 21 105 . . . . 130 . 105 . . . . . . . . . 18 . . . Total Damage 18243 | . . 207 . . . . . . . 2469 105 . . . . . . 2682 1253 680 635 1271 . 772 2024 . . . . 3622 . 1805 . . . . . . . . . 718 . . . Kills 136 | . . 3 . . . . . . . 26 1 . . . . . . 20 13 7 4 7 . 4 14 . . . . 24 . 11 . . . . . . . . . 2 . . . Allies Corrupted 13 | . . . . . . . . . . . . . . . . . . 1 1 . . 1 . 1 . . . . . 1 3 5 . . . . . . . . . . . . . Allies Melted . | . . . . . . . . . . . . . . . . . . . . . . . . . . . . . . . . . . . . . . . . . . . . . . Intel | -11 -10 -10 -9 -9 -9 -8 -8 -7 -7 -7 -7 -7 -7 -7 -6 -6 -6 -6 -6 -6 -6 -6 -5 -5 -5 -5 -5 -5 -4 -4 -4 -4 -4 -4 -4 -3 -3 -3 -3 -2 -2 -2 -1 -1 -1 ------- Run | Scr Mat Min Mat Min Exi Min Mat Fac Was Fac Low Low Zio Dee Pro Fac Was Fac Ext Cet Arc Hub Fac Was Fac Upp Upp War Pro Fac Was Fac Upp Upp Zhi Pro Res Tes Gar Res Qua Sec Acc Com Ac0 Robot Analysis Total 14 | . 2 . 1 . . . 2 . . . . . . . . . . . . . . . . . 1 . . . . . . . . . 4 . . . . . 2 2 . . . Derelict Logs Recovered 13 | . . 1 . 2 . . . . . . 1 1 1 . 2 . . . . . . . . . . 1 1 . 1 . . . 1 1 . . . . . . . . . . . Drone Launches . | . . . . . . . . . . . . . . . . . . . . . . . . . . . . . . . . . . . . . . . . . . . . . . Drone Recoveries . | . . . . . . . . . . . . . . . . . . . . . . . . . . . . . . . . . . . . . . . . . . . . . . Exploration | -11 -10 -10 -9 -9 -9 -8 -8 -7 -7 -7 -7 -7 -7 -7 -6 -6 -6 -6 -6 -6 -6 -6 -5 -5 -5 -5 -5 -5 -4 -4 -4 -4 -4 -4 -4 -3 -3 -3 -3 -2 -2 -2 -1 -1 -1 ------------- Run | Scr Mat Min Mat Min Exi Min Mat Fac Was Fac Low Low Zio Dee Pro Fac Was Fac Ext Cet Arc Hub Fac Was Fac Upp Upp War Pro Fac Was Fac Upp Upp Zhi Pro Res Tes Gar Res Qua Sec Acc Com Ac0 Turns Passed 69000 | 80 453 912 3108 1446 2009 305 2329 482 919 1216 1834 1722 3624 2578 1200 1921 808 2540 2409 367 1276 2058 1246 960 1074 1912 1948 919 1388 1114 753 1669 826 591 336 919 792 1739 570 2924 2145 2890 1286 4633 770 Spaces Moved 32804 | 45 244 494 1254 688 896 86 954 187 375 545 864 838 1623 1192 524 901 410 1401 759 142 81 682 556 488 545 1049 1086 437 581 551 380 794 474 298 171 530 473 951 315 1822 1170 1590 735 2384 239 Core 13 | 6 . . . . . . . . . . . . . . . . . . . . . . . . . . . . . . . . . . . . . . . . . . . . 7 Treads 10994 | 39 244 494 1254 688 896 86 954 187 375 545 864 838 1623 1192 524 191 . . . . . . . . . . . . . . . . . . . . . . . . . . . . . Legs 1556 | . . . . . . . . . . . . . . . . . . . 528 142 81 682 123 . . . . . . . . . . . . . . . . . . . . . . Wheels 20241 | . . . . . . . . . . . . . . . . 710 410 1401 231 . . . 433 488 545 1049 1086 437 581 551 380 794 474 298 171 530 473 951 315 1822 1170 1590 735 2384 232 Hover . | . . . . . . . . . . . . . . . . . . . . . . . . . . . . . . . . . . . . . . . . . . . . . . Flight . | . . . . . . . . . . . . . . . . . . . . . . . . . . . . . . . . . . . . . . . . . . . . . . Fastest Speed 50 | 50 160 160 160 200 200 160 180 200 180 200 200 200 180 180 200 140 150 150 140 210 210 210 160 170 170 170 170 160 170 170 160 150 170 170 160 170 135 135 135 135 140 125 135 145 50 Average Speed 174 | 145 160 160 189 200 201 180 202 204 199 200 200 200 196 198 210 164 155 150 191 210 210 210 178 170 170 170 170 169 170 170 162 169 170 170 173 170 144 144 144 144 148 154 135 173 171 Slowest Speed 240 | 160 160 160 200 200 240 200 205 205 200 200 200 200 200 200 230 230 160 160 210 210 210 210 210 170 170 170 170 170 170 170 170 170 170 170 180 170 170 145 145 145 155 185 155 195 195 Overloaded Moves . | . . . . . . . . . . . . . . . . . . . . . . . . . . . . . . . . . . . . . . . . . . . . . . Propulsion Burnouts . | . . . . . . . . . . . . . . . . . . . . . . . . . . . . . . . . . . . . . . . . . . . . . . Robots Hopped . | . . . . . . . . . . . . . . . . . . . . . . . . . . . . . . . . . . . . . . . . . . . . . . Cave-ins Triggered . | . . . . . . . . . . . . . . . . . . . . . . . . . . . . . . . . . . . . . . . . . . . . . . Teleports 4 | . . . . . . . . . . . . . . . . . . . . . . . . . . . . . . . . . . . . . . . . . 2 . . 1 1 Exploration Rate (%) 62 | 3 44 97 97 97 90 8 72 9 96 21 90 84 89 85 71 20 96 47 90 74 73 74 25 97 17 93 88 66 64 21 97 28 64 38 66 78 13 87 47 63 90 76 20 84 24 Regions Visited 45 Branch Regions 26 Pre-discovered Areas 18 | . 1 . 2 2 1 . 1 . . 1 1 . 2 . . . . . . . . . . . . 1 1 . 1 . . . 1 . 3 . . . . . . . . . . Known Exits Taken 28 | . . . 1 . . . 1 . . 1 1 1 1 . 1 . . 1 1 1 1 1 . . 1 1 1 1 1 . . 1 1 1 1 1 1 1 . 1 1 1 1 . . Unknown Exits Taken 8 | 1 1 1 . 1 1 1 . . . . . . . 1 . . . . . . . . . . . . . . . . . . . . . . . . . . . . . 1 . Scrap Searched 26 | . . 1 . 1 . . . . . . 3 2 4 . 3 . . . . . . . . . . 3 3 . . . . . 1 2 . 3 . . . . . . . . . Spaces Dug 658 | . . . 1 . . . 1 1 4 12 3 3 . 2 7 28 2 14 4 10 . 324 . 4 4 1 8 2 10 1 2 5 1 10 . . 5 3 81 4 7 9 63 22 . Terrain Destroyed 3428 | . . . 62 35 14 37 33 5 6 29 51 3 5 6 56 75 8 110 54 37 1 503 25 11 89 50 27 20 21 31 8 43 1 11 . 47 8 42 83 45 24 20 110 78 1504 Melee 16 | . . . . . . . . 1 . 5 1 1 . . 4 4 . . . . . . . . . . . . . . . . . . . . . . . . . . . . . Projectile 481 | . . . 6 4 . . 6 4 6 7 3 2 3 6 5 59 8 35 34 . 1 7 1 11 15 2 27 10 20 3 8 6 1 11 . . 8 17 2 26 13 20 30 10 44 AOE 2931 | . . . 56 31 14 37 27 . . 17 47 . 2 . 47 12 . 75 20 37 . 496 24 . 74 48 . 10 1 28 . 37 . . . 47 . 25 81 19 11 . 80 68 1460 Terrain Rammed . | . . . . . . . . . . . . . . . . . . . . . . . . . . . . . . . . . . . . . . . . . . . . . . Walls Destroyed . | . . . . . . . . . . . . . . . . . . . . . . . . . . . . . . . . . . . . . . . . . . . . . . Machines Disabled . | . . . . . . . . . . . . . . . . . . . . . . . . . . . . . . . . . . . . . . . . . . . . . . Actions | -11 -10 -10 -9 -9 -9 -8 -8 -7 -7 -7 -7 -7 -7 -7 -6 -6 -6 -6 -6 -6 -6 -6 -5 -5 -5 -5 -5 -5 -4 -4 -4 -4 -4 -4 -4 -3 -3 -3 -3 -2 -2 -2 -1 -1 -1 --------- Run | Scr Mat Min Mat Min Exi Min Mat Fac Was Fac Low Low Zio Dee Pro Fac Was Fac Ext Cet Arc Hub Fac Was Fac Upp Upp War Pro Fac Was Fac Upp Upp Zhi Pro Res Tes Gar Res Qua Sec Acc Com Ac0 Total 41841 | 57 287 548 1778 723 1035 191 1165 257 471 614 952 866 1823 1324 582 1174 496 1650 1562 176 1142 1049 725 554 637 1144 1151 550 892 666 466 1050 494 385 211 545 583 1317 428 2101 1556 2020 1034 2883 527 Wait 3509 | . 13 9 151 14 37 54 27 40 3 5 70 14 19 19 9 59 15 71 602 1 1012 135 18 10 21 49 16 7 70 19 29 55 1 31 7 3 30 173 23 85 140 95 81 144 23 Move 32763 | 44 243 493 1253 687 895 85 953 187 374 544 863 837 1622 1191 523 901 409 1400 758 141 80 681 556 487 544 1048 1085 436 580 551 379 793 473 297 170 529 472 951 314 1821 1169 1589 734 2383 238 Hop . | . . . . . . . . . . . . . . . . . . . . . . . . . . . . . . . . . . . . . . . . . . . . . . Pick Up 453 | 7 3 3 52 1 17 9 26 1 9 6 . . 12 16 3 19 6 6 7 4 4 11 14 5 7 3 4 9 8 7 5 16 . 2 4 4 6 25 7 17 26 19 4 24 15 Fast Attach 230 | 5 3 . 10 . 2 2 6 2 8 1 . . 3 6 1 8 1 7 . 2 . 9 9 1 1 1 2 11 . 1 4 16 6 3 7 . 2 13 4 8 13 25 . 22 5 Attach 314 | 1 . 2 13 . 6 3 7 2 1 . . . 2 4 3 6 3 . 3 1 1 11 11 3 6 4 5 9 6 12 5 17 3 3 3 3 5 9 4 13 20 33 23 27 21 Detach 195 | . 2 . 5 . 2 1 5 1 2 . . . 2 2 . 8 2 2 5 1 . 11 6 . 2 1 2 4 . 7 1 11 2 3 . . 3 8 3 7 15 24 22 15 8 Swap 469 | . 1 . 23 . 8 5 18 8 8 14 5 6 24 12 15 39 3 52 17 3 4 42 7 2 3 . . 4 14 . 1 13 1 . 3 . 5 18 1 13 15 26 6 14 16 Drop 573 | . 4 2 50 1 22 2 18 . 19 7 . . 18 19 2 15 10 13 12 5 . 13 20 7 8 4 6 20 8 6 10 26 5 4 10 4 6 35 6 22 28 33 4 46 23 Fire 2846 | . 17 35 107 16 34 20 101 13 41 25 11 8 118 55 22 110 45 99 79 18 40 136 84 39 45 34 31 50 64 63 32 103 3 42 7 2 46 77 42 115 112 175 160 192 178 Melee 41 | . . . 1 . 4 . . 2 6 6 3 1 . . 4 9 2 . . . 1 . . . . . . . . . . . . . . . . . . . 2 . . . . Ram 1 | . . . . . . . . . . . . . . . . . . . . . . . . . . . . . . . . . . . . . . . . . . 1 . . . Kick . | . . . . . . . . . . . . . . . . . . . . . . . . . . . . . . . . . . . . . . . . . . . . . . Crush 42 | . 1 4 12 4 . 10 4 1 . 6 . . . . . . . . . . . . . . . . . . . . . . . . . . . . . . . . . . . Escape Stasis 77 | . . . . . . . . . . . . . . . . . . . 5 . . . . . . . . . . . . . . . . . 8 8 24 . 16 . . 16 . Rewire 216 | . . . . . . . . . . . . . . . . . . . 74 . . . . . . . . . 142 . . . . . . . . . . . . . . . . Trap 112 | . . . 101 . 8 . . . . . . . 3 . . . . . . . . . . . . . . . . . . . . . . . . . . . . . . . . Miscellaneous . | . . . . . . . . . . . . . . . . . . . . . . . . . . . . . . . . . . . . . . . . . . . . . . Route ------- -11/Scrapyard -10/Materials -10/Mines (discovered 2 exits: *Mat x2) -9/Materials (discovered 6 exits: *Mat x3 / *Min x2 / *Sto) -9/Mines (discovered 4 exits: *Mat x2 / *Exi / *Zio) -9/Exiles -8/Mines -8/Materials (discovered 2 exits: *Fac x2) -7/Factory -7/Waste -7/Factory -7/Lower Caves -7/Lower Caves (discovered 2 exits: *Fac / *Zio) -7/Zion (discovered 2 exits: *Dee / *Pro) -7/Deep Caves -6/Proximity Caves -6/Factory (discovered 2 exits: Low / *Ext) -6/Waste -6/Factory (discovered 5 exits: *Fac / *Low x2 / *Ext x2) -6/Extension (discovered 3 exits: *Fac x2 / *Cet) -6/Cetus -6/Archives -6/Hub_04(d) (discovered 3 exits: *Fac x3) -5/Factory -5/Waste -5/Factory -5/Upper Caves -5/Upper Caves -5/Warlord -4/Proximity Caves -4/Factory -4/Waste -4/Factory (discovered 3 exits: *Upp x2 / Arm) -4/Upper Caves -4/Upper Caves -4/Zhirov -3/Proximity Caves -3/Research (discovered 2 exits: Res / *Tes) -3/Testing (discovered 2 exits: *Res / Gar) -3/Garrison -2/Research (discovered 4 exits: *Acc x3 / *Qua) -2/Quarantine (discovered 2 exits: *Acc / *Sec) -2/Section 7 -1/Access -1/Command (discovered 3 exits: [*Sur x2] / [*Ac0]) -1/Access_0 Near Former Tau Ceti IV History --------- Turn | Location | Event 4 | -11/Scrapyard | Discovered new exit (range 14) 81 | -11/Scrapyard | Entered Materials 276 | -10/Materials | Discovered new exit (range 10) 316 | -10/Materials | Build established: Mutant 534 | -10/Materials | Entered Mines 672 | -10/Mines | Learned Materials stockpile data 707 | -10/Mines | Met a Derelict testing a Signal Generator 741 | -10/Mines | Discovered new exit (range 5) 1394 | -10/Mines | Discovered new exit (range 15) 1446 | -10/Mines | Entered Materials 1446 | -9/Materials | Evolved 2 slots: Utility x2 1872 | -9/Materials | Discovered new exit (range 16) 1874 | -9/Materials | Discovered new exit (range 15) 2028 | -9/Materials | Identified exit to Storage 2269 | -9/Materials | Build established: Hauler-Mutant 2274 | -9/Materials | Discovered new exit (range 14) 2838 | -9/Materials | Discovered new exit (range 10) 3251 | -9/Materials | Build established: Scavenger-Mutant 3618 | -9/Materials | Discovered new exit (range 15) 3624 | -9/Materials | Discovered new exit (range 15) 3943 | -9/Materials | Build established: Hauler-Mutant 4232 | -9/Materials | Identified exit to Mines 4554 | -9/Materials | Entered Mines 4555 | -9/Mines | Assembled infested the area 4560 | -9/Mines | Assisted by a Guerilla fighting off Assembled 4649 | -9/Mines | Found a hidden stash of uninstalled traps 4688 | -9/Mines | Build established: Trapper-Mutant 4745 | -9/Mines | Learned location of Zion (-7) 4775 | -9/Mines | Learned 2 Materials zone layouts 4996 | -9/Mines | A Derelict revealed a hidden shortcut to a safe place 5120 | -9/Mines | Found a damaged Exp. Sensor Array with a note attached 5125 | -9/Mines | Found Prototype Device 5163 | -9/Mines | Learned location of Storage (-9) 5270 | -9/Mines | Deemed a non-threat by the Exiles lab entrance 5272 | -9/Mines | Discovered new exit (range 5) 5394 | -9/Mines | Discovered new exit (range 6) 5411 | -9/Mines | Build established: Hauler-Mutant 5634 | -9/Mines | Discovered new exit (range 12) 6000 | -9/Mines | Entered Exiles 6134 | -9/Exiles | Met 8R-AWN 6176 | -9/Exiles | Met EX-HEX 6284 | -9/Exiles | Met EX-DEC 6361 | -9/Exiles | Visited The Gauntlet 6642 | -9/Exiles | Discovered new exit (range 10) 7081 | -9/Exiles | Met EX-BIN 7342 | -9/Exiles | Aligned with FarCom system 7344 | -9/Exiles | Given EX-Vault access code 7390 | -9/Exiles | Opened EX-Vault 7406 | -9/Exiles | Found Superbattery 7411 | -9/Exiles | Found Latent Energy Streamer 7415 | -9/Exiles | Found XL Autogun Array 7464 | -9/Exiles | Warned to stay clear of 0b10 Research branches 7656 | -9/Exiles | Attacked by the Exiles 7708 | -9/Exiles | Destroyed 7 combat bots 7758 | -9/Exiles | Core integrity fell below 50% 7804 | -9/Exiles | Lost 3 parts (1n1u1w) 7807 | -9/Exiles | Core integrity fell below 20% 7871 | -9/Exiles | Destroyed 8R-AWN 7889 | -9/Exiles | Found 8R-AWN's Armor/TH 7894 | -9/Exiles | Found 8R-AWN's Armor/EX 7899 | -9/Exiles | Found 8R-AWN's Boregun 7904 | -9/Exiles | Found 8R-AWN's Boregun 7970 | -9/Exiles | Found AS-neutralizer No. 17b 8009 | -9/Exiles | Entered Mines 8019 | -8/Mines | Discovered new exit (range 11) 8096 | -8/Mines | AD-0RF came to Exiles' defense 8314 | -8/Mines | Entered Materials 8314 | -8/Materials | Evolved 2 slots: Utility x2 8402 | -8/Materials | Build established: Mutant 8655 | -8/Materials | Identified Exp. Sensor Array 8781 | -8/Materials | Build established: Hauler-Mutant 8976 | -8/Materials | Discovered new exit (range 6) 9297 | -8/Materials | Discovered new exit (range 15) 9433 | -8/Materials | Garrison activated, responded to threat 10326 | -8/Materials | Repaired Exp. Sensor Array? 10641 | -8/Materials | Identified exit to Factory 10643 | -8/Materials | Entered Factory 10643 | -7/Factory | Evolved 2 slots: Power x1, Utility x1 10733 | -7/Factory | Repaired Cooling System 11125 | -7/Factory | Sucked down chute 11125 | -7/Factory | Entered Waste 11169 | -7/Waste | Destroyed C-40 Crusher 11183 | -7/Waste | Destroyed C-40 Crusher 11194 | -7/Waste | Destroyed C-40 Crusher 11215 | -7/Waste | Destroyed C-40 Crusher 11220 | -7/Waste | Spotted C-40 Crusher 11221 | -7/Waste | Destroyed C-40 Crusher 11261 | -7/Waste | Destroyed C-40 Crusher 11278 | -7/Waste | Found Damper Plating 11290 | -7/Waste | Found Damper Plating 11315 | -7/Waste | Found Damper Plating 11326 | -7/Waste | Found Damper Plating 11358 | -7/Waste | Found Damper Plating 11554 | -7/Waste | Found Damper Plating 11575 | -7/Waste | Build established: Scavenger-Mutant 11645 | -7/Waste | Discovered new exit (range 16) 11725 | -7/Waste | Warlord forces began an assault 12035 | -7/Waste | Identified exit to Factory 12044 | -7/Waste | Entered Factory 12044 | -7/Factory | Accompanied by 17 allies 13163 | -7/Factory | Garrison activated, responded to threat 13165 | -7/Factory | Discovered new exit (range 16) 13208 | -7/Factory | Identified exit to Lower Caves 13260 | -7/Factory | Entered Lower Caves 13260 | -7/Lower Caves | Accompanied by 6 allies 13267 | -7/Lower Caves | Learned Factory terminal intel 13611 | -7/Lower Caves | Learned location of Extension (-6) 13718 | -7/Lower Caves | Encountered a Warlord checkpoint 14831 | -7/Lower Caves | Discovered new exit (range 7) 15089 | -7/Lower Caves | Identified exit to Lower Caves 15094 | -7/Lower Caves | Entered another Lower Caves area 15096 | -7/Lower Caves | Attracted the attention of an 0b10 checkpoint 15134 | -7/Lower Caves | Encountered a Warlord checkpoint 15171 | -7/Lower Caves | Discovered new exit (range 12) 15277 | -7/Lower Caves | Identified exit to Factory 15889 | -7/Lower Caves | Discovered new exit (range 4) 15917 | -7/Lower Caves | Identified exit to Zion 16584 | -7/Lower Caves | Learned Factory emergency access door positions 16816 | -7/Lower Caves | Entered Zion 16898 | -7/Zion | Discovered new exit (range 15) 16938 | -7/Zion | Identified exit to Proximity Caves 17016 | -7/Zion | System corruption cleaned by Quarantine Array 17220 | -7/Zion | Learned 4 Factory zone layouts 17279 | -7/Zion | Found Prototype Device 17279 | -7/Zion | Identified Bomb Factory No. 2 17376 | -7/Zion | Given A8's code to call for help 18045 | -7/Zion | Learned location of Data Miner (-6) 18085 | -7/Zion | Learned location of Warlord (-5) 19601 | -7/Zion | Attacked by Zionites 20223 | -7/Zion | Destroyed Imprinter 20232 | -7/Zion | Extracted access codes from Imprinter's data core 20380 | -7/Zion | Discovered new exit (range 3) 20380 | -7/Zion | Saw the warning signs outside the Deep Caves entrance 20382 | -7/Zion | Identified exit to Deep Caves 20440 | -7/Zion | Entered Deep Caves 20796 | -7/Deep Caves | Found Surveybot 24 Chip 20913 | -7/Deep Caves | Found Prototype Protection 20913 | -7/Deep Caves | Identified Zio. Weapon Casing 20985 | -7/Deep Caves | Z-Facility disabled 21712 | -7/Deep Caves | Discovered new exit (range 6) 21919 | -7/Deep Caves | Found Zio. Weapon Casing 22339 | -7/Deep Caves | Destroyed as-97772 22449 | -7/Deep Caves | Triggered Deep Caves wall 22449 | -7/Deep Caves | Spotted AS-81791 22465 | -7/Deep Caves | Spotted AS-41445 22476 | -7/Deep Caves | Destroyed AS-81791 22482 | -7/Deep Caves | Destroyed AS-41445 22485 | -7/Deep Caves | Destroyed 29 combat bots 22504 | -7/Deep Caves | Found Gui. Plasma Cannon 22537 | -7/Deep Caves | Spotted as-27986 22552 | -7/Deep Caves | Destroyed as-27986 22574 | -7/Deep Caves | Exposed GOLEM chamber 22578 | -7/Deep Caves | Found GOLEM Unit 22583 | -7/Deep Caves | Found GOLEM Unit 23018 | -7/Deep Caves | Entered Proximity Caves 23373 | -6/Proximity Caves | Learned Factory security intel 23511 | -6/Proximity Caves | Build established: Hauler-Mutant 24172 | -6/Proximity Caves | Discovered exit to Factory (range 4) 24218 | -6/Proximity Caves | Entered Factory 24218 | -6/Factory | Evolved 2 slots: Utility x2 24219 | -6/Factory | Identified exit to Lower Caves 24223 | -6/Factory | Loaded intel: 21 terminal locations 24486 | -6/Factory | Repaired Broken Exp. Sensor Array? 24528 | -6/Factory | Build established: Scavenger-Mutant 24595 | -6/Factory | Repaired Imp. EM Pulse Cannon 24722 | -6/Factory | Found Prototype Launcher 24722 | -6/Factory | Identified Rocket Array 25024 | -6/Factory | Build established: Hauler-Mutant 25082 | -6/Factory | Fabricated Hvy. Armor Plating (x1) 25454 | -6/Factory | Found Hvy. Insulated Plating 25615 | -6/Factory | Discovered new exit (range 16) 25635 | -6/Factory | Identified exit to Extension 26139 | -6/Factory | Sucked down chute 26139 | -6/Factory | Entered Waste 26178 | -6/Waste | Destroyed C-40 Crusher 26199 | -6/Waste | Destroyed C-40 Crusher 26214 | -6/Waste | Destroyed C-40 Crusher 26229 | -6/Waste | Destroyed C-40 Crusher 26249 | -6/Waste | Destroyed C-40 Crusher 26270 | -6/Waste | Spotted C-40 Crusher 26405 | -6/Waste | Build established: Scavenger-Mutant 26405 | -6/Waste | Destroyed C-40 Crusher 26429 | -6/Waste | Found Damper Plating 26434 | -6/Waste | Found Damper Plating 26456 | -6/Waste | Found Damper Plating 26526 | -6/Waste | Warlord forces began an assault 26876 | -6/Waste | Discovered new exit (range 12) 26877 | -6/Waste | Build established: Hauler-Mutant 26932 | -6/Waste | Identified exit to Factory 26947 | -6/Waste | Entered Factory 26947 | -6/Factory | Accompanied by 16 allies 27469 | -6/Factory | Discovered exit to Lower Caves (range 14) 28241 | -6/Factory | Found Prototype Launcher 28241 | -6/Factory | Identified Scatter Rocket Array 28605 | -6/Factory | Discovered new exit (range 12) 28657 | -6/Factory | Identified exit to Factory 28697 | -6/Factory | First assault squad dispatched 29271 | -6/Factory | Garrison activated, responded to threat 29487 | -6/Factory | Entered Extension 30257 | -6/Extension | Build established: Hauler-Golem 30689 | -6/Extension | Build established: Hauler-Mutant 30874 | -6/Extension | Destroyed B-75 Beast 30939 | -6/Extension | Spotted B-75 Beast 30944 | -6/Extension | Destroyed B-75 Beast 31008 | -6/Extension | Discovered exit to Factory (range 5) 31155 | -6/Extension | Rescued a captive Derelict 31156 | -6/Extension | Rescued a captive Derelict 31548 | -6/Extension | Rescued A7 31648 | -6/Extension | Discovered exit to Factory (range 10) 31650 | -6/Extension | Discovered new exit (range 6) 31661 | -6/Extension | Identified exit to Cetus 31837 | -6/Extension | Disrupted transfer network 31896 | -6/Extension | Entered Cetus 31896 | -6/Cetus | Accompanied by 1 ally (A7) 31901 | -6/Cetus | Acquired a Cetus Manufacturing Module code from A7 31924 | -6/Cetus | Spotted Cetus Guard 31924 | -6/Cetus | Spotted Cetus Guard 31930 | -6/Cetus | Allies destroyed Cetus Guard 31930 | -6/Cetus | Spotted Cetus Guard 31935 | -6/Cetus | Destroyed Cetus Guard 31935 | -6/Cetus | Allies destroyed Cetus Guard 31937 | -6/Cetus | Spotted Cetus Guard 31938 | -6/Cetus | Allies destroyed Cetus Guard 32047 | -6/Cetus | Started Cetus Manufacturing Module 32072 | -6/Cetus | Manufactured an Enhanced Grunt 32077 | -6/Cetus | Escorted A7 to Cetus Mainframe 32097 | -6/Cetus | Manufactured an Enhanced Grunt 32108 | -6/Cetus | Discovered new exit (range 16) 32122 | -6/Cetus | Manufactured an Enhanced Grunt 32142 | -6/Cetus | Spotted Cetus Guard 32143 | -6/Cetus | Spotted Cetus Guard 32147 | -6/Cetus | Manufactured an Enhanced Grunt 32149 | -6/Cetus | Destroyed Cetus Guard 32149 | -6/Cetus | Spotted Cetus Guard 32158 | -6/Cetus | Allies destroyed Cetus Guard 32164 | -6/Cetus | Destroyed Cetus Guard 32164 | -6/Cetus | Spotted Cetus Guard 32172 | -6/Cetus | Manufactured an Enhanced Grunt 32172 | -6/Cetus | Destroyed Cetus Guard 32177 | -6/Cetus | Found Prototype Device 32177 | -6/Cetus | Identified Exp. Thermal Shield 32257 | -6/Cetus | Identified exit to Archives 32263 | -6/Cetus | Entered Archives 32263 | -6/Archives | Accompanied by 5 allies (A7) 32268 | -6/Archives | Received a hacking code to weaken MAIN.C 32509 | -6/Archives | Discovered new exit (range 16) 33534 | -6/Archives | Identified exit to Hub_04(d) 33539 | -6/Archives | Entered Hub_04(d) 33539 | -6/Hub_04(d) | Accompanied by 2 allies 34401 | -6/Hub_04(d) | Discovered exit to Factory (range 4) 34483 | -6/Hub_04(d) | Found Prototype Processor 34483 | -6/Hub_04(d) | Identified Exp. Terrain Scan Processor 34523 | -6/Hub_04(d) | Discovered exit to Factory (range 5) 34921 | -6/Hub_04(d) | Network Hub disabled 34921 | -6/Hub_04(d) | Spotted B-75 Beast 34921 | -6/Hub_04(d) | Spotted Lightning 34922 | -6/Hub_04(d) | Spotted Lightning 34924 | -6/Hub_04(d) | Spotted Lightning 34931 | -6/Hub_04(d) | Spotted Lightning 34932 | -6/Hub_04(d) | Spotted Lightning 34935 | -6/Hub_04(d) | Spotted Lightning 34938 | -6/Hub_04(d) | Spotted Lightning 34939 | -6/Hub_04(d) | Spotted Lightning 34940 | -6/Hub_04(d) | Spotted Lightning 34951 | -6/Hub_04(d) | Destroyed B-75 Beast 34969 | -6/Hub_04(d) | Destroyed Lightning 34978 | -6/Hub_04(d) | Destroyed Lightning 34987 | -6/Hub_04(d) | Destroyed Lightning 34999 | -6/Hub_04(d) | Destroyed Lightning 35014 | -6/Hub_04(d) | Destroyed Lightning 35035 | -6/Hub_04(d) | Destroyed 11 combat bots 35083 | -6/Hub_04(d) | System corruption reached 10% 35092 | -6/Hub_04(d) | Found Prototype Energy Cannon 35092 | -6/Hub_04(d) | Identified EMDS 35101 | -6/Hub_04(d) | Destroyed Lightning 35105 | -6/Hub_04(d) | Destroyed Lightning 35114 | -6/Hub_04(d) | Lost 3 parts (1u2w) 35123 | -6/Hub_04(d) | Destroyed Lightning 35135 | -6/Hub_04(d) | Destroyed Lightning 35148 | -6/Hub_04(d) | Found Prototype Device 35148 | -6/Hub_04(d) | Identified EM Dispersion Field 35152 | -6/Hub_04(d) | Found EMDS 35156 | -6/Hub_04(d) | Destroyed 11 combat bots 35157 | -6/Hub_04(d) | Found Prototype Device 35157 | -6/Hub_04(d) | Identified Exp. Phase Shifter 35162 | -6/Hub_04(d) | Found Exp. Targeting Computer 35186 | -6/Hub_04(d) | Found EMDS 35253 | -6/Hub_04(d) | Discovered exit to Factory (range 6) 35305 | -6/Hub_04(d) | Network Hub disabled 35364 | -6/Hub_04(d) | Disrupted transfer network 35403 | -6/Hub_04(d) | Network Hub disabled 35403 | -6/Hub_04(d) | Allied Derelicts emerged from ambush trap array 35470 | -6/Hub_04(d) | Network Hub disabled 35515 | -6/Hub_04(d) | P-60 Hacker assimilated allied SW-MU3(g) 35517 | -6/Hub_04(d) | High security lockdown imminent 35597 | -6/Hub_04(d) | High security lockdown engaged 35597 | -6/Hub_04(d) | Entered Factory 35597 | -5/Factory | Evolved 2 slots: Utility x2 35890 | -5/Factory | Found Hvy. Insulated Plating 35897 | -5/Factory | First assault squad dispatched 35905 | -5/Factory | Build established: Scavenger-Mutant 36352 | -5/Factory | Destroyed 9 combat bots 36542 | -5/Factory | Fabricated Exp. Sensor Array? 36610 | -5/Factory | High security lockdown imminent 36690 | -5/Factory | High security lockdown engaged 36715 | -5/Factory | Build established: Hauler-Mutant 36812 | -5/Factory | Destroyed 10 combat bots 36836 | -5/Factory | Discovered new exit (range 10) 36843 | -5/Factory | Sucked down chute 36843 | -5/Factory | Entered Waste 36868 | -5/Waste | Spotted C-40 Crusher 36931 | -5/Waste | Destroyed C-40 Crusher 36943 | -5/Waste | Found Damper Plating 36952 | -5/Waste | Found Damper Plating 36993 | -5/Waste | Spotted C-40 Crusher 37005 | -5/Waste | Spotted C-40 Crusher 37026 | -5/Waste | Spotted C-40 Crusher 37095 | -5/Waste | Spotted C-40 Crusher 37124 | -5/Waste | Build established: Scavenger-Mutant 37125 | -5/Waste | Destroyed C-40 Crusher 37156 | -5/Waste | Spotted C-40 Crusher 37254 | -5/Waste | Warlord forces began an assault 37257 | -5/Waste | Allies destroyed C-40 Crusher 37258 | -5/Waste | Allies destroyed C-40 Crusher 37258 | -5/Waste | Allies destroyed C-40 Crusher 37261 | -5/Waste | Allies destroyed C-40 Crusher 37353 | -5/Waste | Found Damper Plating 37377 | -5/Waste | Found Damper Plating 37683 | -5/Waste | Build established: Hauler-Mutant 37713 | -5/Waste | Discovered new exit (range 11) 37790 | -5/Waste | Identified exit to Factory 37803 | -5/Waste | Entered Factory 37803 | -5/Factory | Accompanied by 16 allies 37906 | -5/Factory | Fabricated M-13 Machinist (x1) 38403 | -5/Factory | First assault squad dispatched 38464 | -5/Factory | Garrison activated, responded to threat 38708 | -5/Factory | Discovered new exit (range 12) 38737 | -5/Factory | Identified exit to Upper Caves 38740 | -5/Factory | Fabricated Centrium Wheel? 38877 | -5/Factory | Entered Upper Caves 40684 | -5/Upper Caves | Discovered new exit (range 5) 40691 | -5/Upper Caves | Identified exit to Upper Caves 40789 | -5/Upper Caves | Entered another Upper Caves area 42543 | -5/Upper Caves | Discovered new exit (range 10) 42544 | -5/Upper Caves | Encountered a Warlord checkpoint 42556 | -5/Upper Caves | Identified exit to Warlord 42737 | -5/Upper Caves | Entered Warlord 42993 | -5/Warlord | Found Prototype Device 42993 | -5/Warlord | Identified Minesniffer Drone Bay 43121 | -5/Warlord | Met Warlord 43146 | -5/Warlord | Warlord's base attacked by MAIN.C 43148 | -5/Warlord | Found Prototype Reactor 43148 | -5/Warlord | Identified Vortex Chain Reactor 43163 | -5/Warlord | Found Prototype Hackware 43281 | -5/Warlord | Found Prototype Energy Gun 43281 | -5/Warlord | Identified Vortex Rail 43289 | -5/Warlord | Found Prototype Energy Cannon 43289 | -5/Warlord | Identified Vortex Cannon 43293 | -5/Warlord | Found Vortex Cannon 43490 | -5/Warlord | Spotted Striker 43492 | -5/Warlord | Destroyed Striker 43494 | -5/Warlord | Spotted Executioner 43495 | -5/Warlord | Destroyed Executioner 43496 | -5/Warlord | Warlord forces counterattacked 43544 | -5/Warlord | Spotted Striker 43590 | -5/Warlord | P-80 Master assimilated allied CC-CEM(g) 43600 | -5/Warlord | Spotted Executioner 43610 | -5/Warlord | Destroyed Executioner 43632 | -5/Warlord | Destroyed 7 combat bots 43635 | -5/Warlord | Discovered new exit (range 14) 43654 | -5/Warlord | Identified exit to Proximity Caves 43656 | -5/Warlord | Entered Proximity Caves 43747 | -4/Proximity Caves | Learned 4 Research zone layouts 44225 | -4/Proximity Caves | Attracted the attention of an 0b10 checkpoint 44342 | -4/Proximity Caves | Snuck into a huge 0b10 base via the rear entrance 44479 | -4/Proximity Caves | Discovered new exit (range 3) 44482 | -4/Proximity Caves | Identified exit to Factory 45044 | -4/Proximity Caves | Entered Factory 45044 | -4/Factory | Accompanied by 11 allies 45044 | -4/Factory | Evolved 2 slots: Utility x2 45216 | -4/Factory | Build established: Commander-Mutant 45232 | -4/Factory | Identified Ghost Barrier 45614 | -4/Factory | Discovered new exit (range 16) 45640 | -4/Factory | Identified exit to Upper Caves 45838 | -4/Factory | First assault squad dispatched 45924 | -4/Factory | Build established: Hauler-Mutant 46158 | -4/Factory | Sucked down chute 46158 | -4/Factory | Entered Waste 46221 | -4/Waste | Destroyed C-40 Crusher 46221 | -4/Waste | Destroyed C-40 Crusher 46233 | -4/Waste | Destroyed C-40 Crusher 46239 | -4/Waste | Destroyed C-40 Crusher 46247 | -4/Waste | Spotted C-40 Crusher 46257 | -4/Waste | Destroyed C-40 Crusher 46287 | -4/Waste | Spotted C-40 Crusher 46301 | -4/Waste | Destroyed C-40 Crusher 46384 | -4/Waste | Discovered new exit (range 12) 46552 | -4/Waste | Warlord forces began an assault 46657 | -4/Waste | Found Damper Plating 46685 | -4/Waste | Found Damper Plating 46719 | -4/Waste | Identified exit to Factory 46911 | -4/Waste | Entered Factory 46911 | -4/Factory | Accompanied by 15 allies 47272 | -4/Factory | Garrison activated, responded to threat 47411 | -4/Factory | First assault squad dispatched 47450 | -4/Factory | Identified exit to Armory 47661 | -4/Factory | Found Prototype Processor 47661 | -4/Factory | Identified Exp. Signal Interpreter 47942 | -4/Factory | Found Quantum Capacitor 47955 | -4/Factory | Found Prototype Hackware 47955 | -4/Factory | Identified Exp. Hacking Suite 48034 | -4/Factory | Fabricated Enh. Nova Cannon (x1) 48069 | -4/Factory | Fabricated Enh. Nova Cannon (x1) 48321 | -4/Factory | Destroyed 7 combat bots 48580 | -4/Factory | Entered Upper Caves 49194 | -4/Upper Caves | Learned location of Testing (-3) 49235 | -4/Upper Caves | Found Alien Artifact 49235 | -4/Upper Caves | Identified Core Expander 49235 | -4/Upper Caves | Installed Core Expander, added new Utility slot 49355 | -4/Upper Caves | Discovered new exit (range 12) 49404 | -4/Upper Caves | Identified exit to Upper Caves 49406 | -4/Upper Caves | Entered another Upper Caves area 49536 | -4/Upper Caves | Encountered a Warlord checkpoint 49710 | -4/Upper Caves | Learned Research stockpile data 49835 | -4/Upper Caves | Discovered new exit (range 10) 49989 | -4/Upper Caves | Identified exit to Zhirov 49997 | -4/Upper Caves | Entered Zhirov 49997 | -4/Zhirov | Discovered new exit (range 3) 49999 | -4/Zhirov | Identified exit to Proximity Caves 50028 | -4/Zhirov | Met Zhirov 50059 | -4/Zhirov | Learned location of Quarantine (-2) 50059 | -4/Zhirov | Learned location of Command (-1) 50074 | -4/Zhirov | Zhirov requested help retrieving the SGEMP Prototype 50102 | -4/Zhirov | Found Alien Artifact 50102 | -4/Zhirov | Identified Integrated Reactor 50102 | -4/Zhirov | Installed Integrated Reactor, increased core energy generation (+10) 50131 | -4/Zhirov | Found Alien Artifact 50272 | -4/Zhirov | Cloak Generator disabled 50272 | -4/Zhirov | Attacked by Zhirov 50301 | -4/Zhirov | Zhirov detonated his lab 50333 | -4/Zhirov | Entered Proximity Caves 51061 | -3/Proximity Caves | Discovered new exit (range 14) 51080 | -3/Proximity Caves | Identified exit to Research 51252 | -3/Proximity Caves | Entered Research 51252 | -3/Research | Evolved 2 slots: Propulsion x1, Utility x1 51253 | -3/Research | Identified exit to Research 51356 | -3/Research | Found Adv. Powered Armor 51452 | -3/Research | Revision forces began assault on 0b10 51576 | -3/Research | Met up with Revision 17++ 51685 | -3/Research | Discovered new exit (range 8) 51701 | -3/Research | Identified exit to Testing 51771 | -3/Research | Found Prototype Device 51952 | -3/Research | Research terminal network offline 51967 | -3/Research | Identified Adv. Kinecellerator 52044 | -3/Research | Entered Testing 52322 | -3/Testing | Found Prototype Processor 52387 | -3/Testing | Found Prototype Energy Cannon 52390 | -3/Testing | Found Prototype Energy Cannon 52420 | -3/Testing | Identified Exp. Target Analyzer 52422 | -3/Testing | Identified Potential Cannon (x2) 52813 | -3/Testing | Found Prototype Energy Gun 52813 | -3/Testing | Identified Hyp. EM Gauss Rifle 53046 | -3/Testing | Found Prototype Device 53054 | -3/Testing | Identified Exp. Thermal Defense Suite 53357 | -3/Testing | Spotted Superbehemoth 53382 | -3/Testing | Discovered exit to Research (range 12) 53506 | -3/Testing | Found Prototype Ballistic Cannon 53506 | -3/Testing | Identified Omega Cannon 53583 | -3/Testing | Found Prototype Hackware 53584 | -3/Testing | Identified System Mapper 53632 | -3/Testing | Spotted Striker 53649 | -3/Testing | Protovariant out of control (PD-5IO9384SP5) 53649 | -3/Testing | Unleashed a protovariant (PD-5IO9384SP5) 53783 | -3/Testing | Identified exit to Garrison 53783 | -3/Testing | Entered Garrison 53791 | -3/Garrison | Installed Relay Interface Framework 53844 | -3/Garrison | Triggered checkpoint 53874 | -3/Garrison | Garrison Relay disabled 53931 | -3/Garrison | Spotted B-86 Titan 53934 | -3/Garrison | Triggered checkpoint 53948 | -3/Garrison | Destroyed B-86 Titan 54045 | -3/Garrison | Discovered exit to Research (range 15) 54048 | -3/Garrison | Triggered checkpoint 54099 | -3/Garrison | Garrison Relay disabled 54353 | -3/Garrison | Entered Research 54353 | -2/Research | Warlord forces began assault on 0b10 54353 | -2/Research | Evolved 2 slots: Utility x2 54457 | -2/Research | Local fabrication network quarantined 54463 | -2/Research | Research machine network offline 54479 | -2/Research | Fabricated Assault Drone Bay? 54660 | -2/Research | Borebot progress halted 54699 | -2/Research | Found Prototype Processor 54830 | -2/Research | Build established: Hacker-Mutant 54911 | -2/Research | Borebot progress halted 54941 | -2/Research | Met up with Warlord 55082 | -2/Research | Discovered new exit (range 7) 55090 | -2/Research | Identified exit to Access 55311 | -2/Research | Spotted Striker 55318 | -2/Research | Destroyed Striker 55332 | -2/Research | Spotted Striker 55383 | -2/Research | Discovered exit to Access (range 13) 55697 | -2/Research | Discovered exit to Access (range 8) 55872 | -2/Research | Spotted Striker 55892 | -2/Research | Spotted Executioner 55893 | -2/Research | Destroyed Striker 55896 | -2/Research | Destroyed Executioner 55917 | -2/Research | Found Adv. Kinecellerator 56100 | -2/Research | Spotted Executioner 56103 | -2/Research | Destroyed Executioner 56651 | -2/Research | Discovered new exit (range 16) 56888 | -2/Research | Spotted Striker 56894 | -2/Research | Destroyed Striker 56915 | -2/Research | Destroyed 8 combat bots 56951 | -2/Research | Spotted Striker 56956 | -2/Research | Spotted Striker 56963 | -2/Research | Destroyed Striker 56966 | -2/Research | Destroyed Striker 57011 | -2/Research | Warlord destroyed during the assault 57014 | -2/Research | Destroyed 8 combat bots 57066 | -2/Research | Spotted Striker 57070 | -2/Research | Destroyed Striker 57071 | -2/Research | Spotted Striker 57079 | -2/Research | Destroyed Striker 57087 | -2/Research | Found Vortex Field Projector 57140 | -2/Research | Destroyed Executioner 57258 | -2/Research | Build established: Hauler-Mutant 57276 | -2/Research | Identified exit to Quarantine 57277 | -2/Research | Entered Quarantine 57589 | -2/Quarantine | Repaired Arm. Huge Wheel 57690 | -2/Quarantine | Met incapacitated Sigix Warrior 57690 | -2/Quarantine | Lockdown squad dispatched 57693 | -2/Quarantine | Acquired the access code to the Sigix quarantine chamber 57696 | -2/Quarantine | Unlocked Sigix quarantine chamber 57730 | -2/Quarantine | Identified Transdimensional Reconstructor 57730 | -2/Quarantine | Warped through subspace 57776 | -2/Quarantine | Spotted Lightning 57777 | -2/Quarantine | Destroyed Lightning 57777 | -2/Quarantine | Spotted Lightning 57782 | -2/Quarantine | Spotted Lightning 57801 | -2/Quarantine | Destroyed Lightning 57819 | -2/Quarantine | Destroyed Lightning 57844 | -2/Quarantine | Found EMDS 57849 | -2/Quarantine | Found EMDS 57873 | -2/Quarantine | Found Alien Artifact 57876 | -2/Quarantine | Identified Dimensional Node Initializer 57876 | -2/Quarantine | Initialized slip node 57887 | -2/Quarantine | Found Alien Artifact 57887 | -2/Quarantine | Identified Hpw. Transdimensional Reconstructor 57887 | -2/Quarantine | Warped through subspace to slip node 57897 | -2/Quarantine | Found Hpw. Transdimensional Reconstructor 57900 | -2/Quarantine | Found Transdimensional Reconstructor 57980 | -2/Quarantine | Repaired Adv. Particle Charger? 58203 | -2/Quarantine | Repaired Broken Exp. Sensor Array 58621 | -2/Quarantine | Identified Exp. Armor Integrity Analyzer 58744 | -2/Quarantine | Found Alien Artifact 58818 | -2/Quarantine | Found Alien Artifact 58870 | -2/Quarantine | Found Alien Artifact 58946 | -2/Quarantine | Identified Subatomic Replicator 58946 | -2/Quarantine | Identified Terrabomb 58946 | -2/Quarantine | Identified Core Reset Matrix 59075 | -2/Quarantine | Spotted Alpha 7 59123 | -2/Quarantine | Destroyed Alpha 7 59137 | -2/Quarantine | Found Alien Launcher 59170 | -2/Quarantine | Found Alien Impact Weapon 59181 | -2/Quarantine | Identified Core Stripper 59236 | -2/Quarantine | Spotted Fortress 59268 | -2/Quarantine | Destroyed Fortress 59287 | -2/Quarantine | Found Exp. Force Field 59292 | -2/Quarantine | Found Vortex Chain Reactor 59296 | -2/Quarantine | Found Vortex Chain Reactor 59299 | -2/Quarantine | Found Thermal Barrier 59328 | -2/Quarantine | Identified Sigix Terminator 59414 | -2/Quarantine | Discovered new exit (range 6) 59420 | -2/Quarantine | Identified exit to Section 7 59422 | -2/Quarantine | Entered Section 7 59436 | -2/Section 7 | Found Integrated Reactor 59556 | -2/Section 7 | Spotted S7 Guard 59565 | -2/Section 7 | Destroyed S7 Guard 59571 | -2/Section 7 | Installed Integrated Reactor, increased core energy generation (+10) 59578 | -2/Section 7 | Found Alien Artifact 59686 | -2/Section 7 | Found Integrated Reactor 59686 | -2/Section 7 | Installed Integrated Reactor, increased core energy generation (+10) 59826 | -2/Section 7 | Found Alien Artifact 59911 | -2/Section 7 | Identified Core Membrane 59911 | -2/Section 7 | Identified Integrity Redistributor 59916 | -2/Section 7 | Installed Core Membrane, gained immunity to corruption 59978 | -2/Section 7 | Discovered exit to Access (range 16) 60086 | -2/Section 7 | P-80 Master assimilated allied Expert 9a 60679 | -2/Section 7 | Spotted S7 Guard 60684 | -2/Section 7 | Destroyed S7 Guard 60718 | -2/Section 7 | Found Integrated Reactor 60718 | -2/Section 7 | Installed Integrated Reactor, increased core energy generation (+10) 60743 | -2/Section 7 | Found Alien Artifact 61189 | -2/Section 7 | Spotted S7 Guard 61192 | -2/Section 7 | Destroyed S7 Guard 61301 | -2/Section 7 | Found Alien Artifact 61449 | -2/Section 7 | Spotted Executioner 61449 | -2/Section 7 | Spotted Executioner 61459 | -2/Section 7 | Destroyed Executioner 61461 | -2/Section 7 | Destroyed Executioner 61582 | -2/Section 7 | Spotted B-99 Colossus 61594 | -2/Section 7 | Assimilated Colossus 9a with formatsys_high 61603 | -2/Section 7 | Identified Core Regenerator 61603 | -2/Section 7 | Identified Integrated Heat Negator 61672 | -2/Section 7 | First assault squad dispatched 61701 | -2/Section 7 | Found Integrity Redistributor 61712 | -2/Section 7 | Found Integrity Redistributor 61713 | -2/Section 7 | Used Integrity Redistributor, redistributed integrity from core (-156) 61821 | -2/Section 7 | Used Subatomic Replicator to replicate Integrated Heat Negator 61823 | -2/Section 7 | Installed Integrated Heat Negator, increased core heat dissipation (+40) 61826 | -2/Section 7 | Installed Integrated Heat Negator, increased core heat dissipation (+40) 61831 | -2/Section 7 | Found Alien Artifact 61831 | -2/Section 7 | Identified LRC Energy Well 61831 | -2/Section 7 | Installed LRC Energy Well, increased energy storage capacity (+250) 61840 | -2/Section 7 | Found Alien Artifact 61840 | -2/Section 7 | Identified LRC Storage 61840 | -2/Section 7 | Installed LRC Storage, increased inventory capacity (+2) 62068 | -2/Section 7 | P-80 Master assimilated allied Expert 9b 62312 | -2/Section 7 | Entered Access 62312 | -1/Access | Evolved 2 slots: Power x1, Utility x1 62603 | -1/Access | Build established: Generator-Mutant 63104 | -1/Access | First assault squad dispatched 63179 | -1/Access | Destroyed 12 combat bots 63430 | -1/Access | Destroyed 7 combat bots 63582 | -1/Access | Discovered new exit (range 7) 63589 | -1/Access | Identified exit to Command 63598 | -1/Access | Entered Command 64043 | -1/Command | Spotted Combat Programmer 64046 | -1/Command | Destroyed M Guard 64046 | -1/Command | Spotted M Guard 64053 | -1/Command | Destroyed M Guard 64059 | -1/Command | Destroyed Combat Programmer 64063 | -1/Command | Spotted Combat Programmer 64083 | -1/Command | Destroyed Combat Programmer 64083 | -1/Command | All MAIN.C guards destroyed 64119 | -1/Command | Found Prototype Device 64119 | -1/Command | Identified AEGIS Remote Shield 64131 | -1/Command | Found Prototype Reactor 64131 | -1/Command | Identified Zero-point Reactor 64143 | -1/Command | First assault squad dispatched 64157 | -1/Command | Found Zero-point Reactor 64162 | -1/Command | Found Zero-point Reactor 64280 | -1/Command | Met MAIN.C 64280 | -1/Command | Hacked MAIN.C using A7's code 64283 | -1/Command | 0b10 Conduit disabled 64287 | -1/Command | Destroyed 12 combat bots 64300 | -1/Command | Destroyed MAIN.C Shell 64302 | -1/Command | MAIN.C activated Command garrisons 64356 | -1/Command | Destroyed MAIN.C 64466 | -1/Command | Discovered new exit (range 10) 64569 | -1/Command | Spotted B-99 Colossus 64622 | -1/Command | Destroyed B-99 Colossus 64661 | -1/Command | Found Vortex Chain Reactor 64663 | -1/Command | Found Vortex Chain Reactor 64669 | -1/Command | Found Prototype Energy Cannon 64669 | -1/Command | Identified Cld. Nova Cannon 65276 | -1/Command | Spotted Alpha 7 65309 | -1/Command | Destroyed Alpha 7 65349 | -1/Command | Found Exp. Targeting Computer 65491 | -1/Command | Found Prototype Processor 65491 | -1/Command | Identified Exp. Core Analyzer 65659 | -1/Command | Spotted B-99 Colossus 65796 | -1/Command | Destroyed B-99 Colossus 65923 | -1/Command | Spotted B-99 Colossus 66419 | -1/Command | Destroyed B-99 Colossus 66535 | -1/Command | Discovered new exit (range 15) 68223 | -1/Command | Warped through subspace to slip node 68223 | -1/Command | Discovered new exit (range 5) 68231 | -1/Command | Entered Access_0 68232 | -1/Access_0 | Met Architect 68246 | -1/Access_0 | Destroyed A8 68252 | -1/Access_0 | Architect warped through subspace 68294 | -1/Access_0 | Architect warped through subspace 68326 | -1/Access_0 | Architect warped through subspace 68358 | -1/Access_0 | Architect warped through subspace 68390 | -1/Access_0 | Architect warped through subspace 68471 | -1/Access_0 | Used Integrity Redistributor, redistributed integrity from core (-201) 68484 | -1/Access_0 | Architect warped through subspace 68561 | -1/Access_0 | Architect warped through subspace 68572 | -1/Access_0 | Subspace Access Node disabled 68586 | -1/Access_0 | Architect warped through subspace 68622 | -1/Access_0 | Architect warped through subspace 68629 | -1/Access_0 | Used Core Regenerator, restored core integrity (+400) 68674 | -1/Access_0 | Architect warped through subspace 68677 | -1/Access_0 | Subspace Access Node disabled 68680 | -1/Access_0 | A6 warped into view 68684 | -1/Access_0 | Destroyed A6 68699 | -1/Access_0 | Found Prototype Protection 68723 | -1/Access_0 | Architect warped through subspace 68743 | -1/Access_0 | Architect warped through subspace 68804 | -1/Access_0 | Architect warped through subspace 68832 | -1/Access_0 | Architect warped through subspace 68855 | -1/Access_0 | Architect warped through subspace 68876 | -1/Access_0 | Architect warped through subspace 68896 | -1/Access_0 | Architect warped through subspace 68902 | -1/Access_0 | Subspace Access Node disabled 68914 | -1/Access_0 | Used Integrity Redistributor, redistributed integrity from core (-151) 68917 | -1/Access_0 | Architect warped through subspace 68952 | -1/Access_0 | Subspace Access Node disabled 68993 | -1/Access_0 | Destroyed Architect 68994 | -1/Access_0 | Architect triggered a singularity event 68994 | -1/Access_0 | Warped through subspace to slip node 68994 | -1/Access_0 | Discovered new exit (range 8) 68995 | -1/Access_0 | Released all parts (17) 68999 | -1/Access_0 | Fired Sigix Terminator 69000 | -1/Access_0 | Core integrity fell below 50% 69000 | -1/Access_0 | Core integrity fell below 20% 69001 | *** | Escaped singularity! Last Messages --------------- 68995_ Potential Cannon crushed and broken. 68995_ Released Damper Plating. 68995_ Damper Plating crushed and broken. 68995_ Released Exp. Armor Integrity Analyzer. 68995_ Released Centrium Wheel. 68995_ Centrium Wheel crushed and broken. 68995_ Released Zero-point Reactor. 68995_ Zero-point Reactor crushed and broken. 68995_ Released Cld. Nova Cannon. 68995_ Cld. Nova Cannon crushed and broken. 68996_ A0_COM: 9. 68997_ A0_COM: 8. 68998_ A0_COM: 7. 68999_ A0_COM: 6. 68999_ Sigix Terminator expended. 68999_ Dimensional Slip Node implodes. 69000_ A0_COM: 5. 69000_ The unstable cave ceiling collapses. 69001_ A0_COM: 4. 69001_ The unstable cave ceiling collapses. Map ----- +----------------------------------------------------+ | | | | | | | | | | | | | | | | | | | | | | | | | | | | | | | | | ????????????? ???????????? | | ????????????? ???????????? | | ???????????? ??????????? | | ???????????? ??????????? | | ???????????? ??????????? | | ??????????? ?????????? | | ??????????? ;;; ?????????? | | ?????????? ;; ;; ????????? | | ?????????? ; ; ????????? | | ?????????? ; @ ; ????????? | | ?????????? ;; ; ????????? | | ?????????? ! ; ????????? | | ?????????? ????????? | | ??????????? ?????????? | | ??????????? ?????????? | | ???????????? ??????????? | | ???????????? ??????????? | | ???????????? ! ??????????? | | ????????????? ???????????? | | ????????????? # # ???????????? | | ?????????????? # ????????????? | | ?????????????? ????????????? | | ???????????????? ;; ??????????????? | | ?????????????????? ;; ????????????????? | | ????????????????????? "; ???????????????????? | | ??????????????????????? ?????????????????????? | | ?????????????????????????????????????????????????? | | ?????????????????????????????????????????????????? | | ?????????????????????????????????????????????????? | | ?????????????????????????????????????????????????? | | ?????????????????????????????????????????????????? | | ?????????????????????????????????????????????????? | | ?????????????????????????????????????????????????? | | ?????????????????????????????????????????????????? | +----------------------------------------------------+ Best States ------------- Heat Dissipation 208 Coolant Potential 100 Energy Generation 154 Energy Capacity 2140 Matter Stores 300 Matter Capacity 300 Sight Range 16 Robot Scan Range 30 Terrain Scan Range 24 Terrain Scan Density 2010 Power Amplification 40 Additional Mass Support 25 Armor Coverage 1600 Resistance: TH 90 Resistance: EX 90 Resistance: EM 90 Utility Shielding 90 Weapon Shielding 100 Phase Shifting 20 Evasion (%) 60 Targeting Accuracy 24 Armor Integrity Analysis 90 Recoil Reduction 2 Energy Filtering 30 Particle Charging 25 Offensive Hacking 36 Relay Coupler Types 39 Relay Coupler Value 2 Item Schematics ----------------- Exp. Sensor Array | -8/Materials | Scanalyzed Hvy. Armor Plating | -8/Materials | Scanalyzed Centrium Wheel | -7/Factory | Scanalyzed Hvy. Riot Gun | -7/Zion | Free Battle Rifle | -7/Zion | Free Barrage Gun | -7/Zion | Free Assault Drone Bay | -4/Zhirov | Free Exp. Heat Sink | -4/Zhirov | Free Exp. Optical Array | -4/Zhirov | Free Imp. Arc Thrower | -4/Zhirov | Free Robot Schematics ------------------ O-16 Technician | -9/Materials | Hacked M-13 Machinist | -8/Materials | Hacked Fabricated ------------ Hvy. Armor Plating | x1 | -6/Factory Exp. Sensor Array | x1 | -5/Factory M-13 Machinist | x1 | -5/Factory Centrium Wheel | x2 | -5/Factory Enh. Nova Cannon | x1 | -4/Factory | Preloaded Enh. Nova Cannon | x1 | -4/Factory | Preloaded Assault Drone Bay | x1 | -2/Research Alien Tech Used ----------------- Core Expander Integrated Reactor Transdimensional Reconstructor Dimensional Node Initializer High-powered Transdimensional Reconstructor Core Stripper Sigix Terminator Core Membrane Integrity Redistributor Subatomic Replicator Integrated Heat Negator LRC Energy Well LRC Storage Core Regenerator Achievements -------------- None Challenges ------------ None Game ------ Seed VariableChargeDetonator Manual? 0 Play Time 14:01:06 Cumulative 1380.8 hours Start 2021.07.06 @ 13:52:56 End 2021.08.03 @ 01:44:33 Sessions 7 Manual Loads 0 Difficulty Rogue Special Mode Halloween2020/ForbiddenLore Game No. 424 Rogue 424 Adventurer 0 Explorer 0 Win Type 6 Total 265 Types 216/7/15/4/3/2/16/1/1 Lore% 99 Gallery% 99 Achievement% 95 Wizard Run 0 Options --------- ASCII 0 Keyboard 0 Movement Numpad Keybinds 0 Fullscreen 0 Font 16/Smallcaps Map View 76x50 Tactical HUD 1 Map Filters NONE Filters NONE Steam 1 RUN: fbb7c0b8-77c6-4f64-bbf9-af0a39bf306d